Workbook
Name Cntrl1: Lists!$A$166:$A$169
Name CntrlID_Pklst: [1]Picklist!$A$645:$A$662
Name CntrlIDList: 'Control Devices'!$F$54:$F$86
Name CntrlIDListFinal: Lists!$B$1:$B$33
Name CntrlLis1: 'Control Devices'!$B$11:$B$27
Name CntrlList2: 'Control Devices'!$B$54:$B$68
Name CompOpService: [1]Picklist!$A$672:$A$675
Name ControlID: 'Control Devices'!$B$11:$B$27+'Control Devices'!$B$54:$B$68
Name Dehy1: Lists!$A$140:$A$143
Name Dehy2: Lists!$A$146:$A$149
Name Dehy3: Lists!$A$152:$A$154
Name Dehy4: Lists!$A$157:$A$163
Name EqLeakCompType: [1]Picklist!$A$345:$A$351
Name EqLeakEqType: [1]Picklist!$A$335:$A$343
Name EqLeakInspFreq: [1]Picklist!$A$211:$A$215
Name EqLeakInspMethod: [1]Picklist!$A$322:$A$329
Name EqLeakMethod: [1]Picklist!$A$353:$A$356
Name EqLeaks1: Lists!$A$70:$A$74
Name EqLeaks2: Lists!$A$77:$A$84
Name EqLeaks3: Lists!$A$87:$A$93
Name EqLeaks4: Lists!$A$96:$A$104
Name EqLeaks5: Lists!$A$107:$A$113
Name EqLeaks6: Lists!$A$116:$A$118
Name EqLeaks7: Lists!$A$121:$A$124
Name EqLeakService: [1]Picklist!$A$331:$A$333
Name FanType: [1]Picklist!$A$473:$A$476
Name HAP: Lists!$A$178:$A$182
Name HAPFinal: Lists!$A$178:$A$181
Name ICR_ID: Facility!$C$22
Name IsoValve: [1]Picklist!$A$498:$A$500
Name LeakDefn: [1]Picklist!$A$519:$A$525
Name Pilot: [1]Picklist!$A$470:$A$471
Name PneuBleed: [1]Picklist!$A$217:$A$224
Name Pneum_device: [1]Picklist!$A$450:$A$460
Name Pneum_Meas: [1]Picklist!$A$353:$A$355
Name Pneum1: Lists!$A$38:$A$45
Name Pneum2: Lists!$A$48:$A$55
Name Pneum3: Lists!$A$58:$A$62
Name Pneum4: Lists!$A$65:$A$67
Name Pneum5: Lists!$A$127:$A$137
Name Pneum6: Lists!$A$121:$A$124
Name pneupractices: [1]Picklist!$A$558:$A$562
Name PneuWP: [1]Picklist!$A$226:$A$233
Name ProdGas: Lists!$A$172:$A$175
Name YN: [2]Picklist!$A$1:$A$2

Sheet Intro
B12: Introduction
B14: The U.S. Environmental Protection Agency (EPA) is collecting information related to hazardous air pollutant (HAP) emissions at oil and gas facilities to inform an evaluation if the current standards meet the Agency’s legal requirement to control all the relevant HAP and the emission points from which they are emitted. The Agency will also evaluate whether to revise the standards based on advancements in technology or work practices that further reduce air pollution since the previous eight-year technology review.
B15: Please complete a separate Excel workbook for each of the oil and natural gas production/processing facilities that your company owns/operates, up to a total of 25 facilities. If you own/operate more than 25 facilities, please select 25 that include HAP-emitting processes and that are representative of (1) different geographical regions/states, (2) different types of operations, and (3) different sizes. Please provide separate documentation of how the 25 facilities selected are representative of all the facilities owned/operated.
B16: Workbooks should be uploaded to EPA’s Compliance and Emissions Data Reporting Interface (CEDRI). You will need an EPA Central Data Exchange account to submit your questionnaire to CEDRI. The CEDRI system can be accessed from CDX link: https://cdx.epa.gov/ Log in with your existing account, or register with CEDRI for your entity. When you have entered CEDRI, you want to create a report under Part 63, subpart HH or subpart HHH. The option will appear to create an ICR Questionnaire. You can upload your completed excel questionnaire to CEDRI under “Available reports” Enclosure 1, by clicking on “add” under “action.” If you have supporting documents you wish to submit, you may submit them in Adobe pdf format, or Microsoft Excel, as “questionnaire supporting document.” For additional support, access the list of Job Aides: https://www.epa.gov/electronic-reporting-air-emissions/cedri#guide The “create reports” guide provides screen shots for creating a report to submit your questionnaire.
B17: This workbook contains the instructions and information collection forms used to collect information regarding processes, emission sources, hazardous air pollutant emissions, and controls used at oil and gas production/processing facilities. A brief description of each worksheet tab is provided below along with instructions for how to fill out each section. Please read the entire instructions prior to filling out the survey in order to avoid any confusion or mistakes. If you have questions, please contact Matthew Witosky (Witosky.Matthew@epa.gov) or Andy Sheppard (Sheppard.Andy@epa.gov).
B18: Before completing the survey, review the definition of “facility” and any additional specific definitions that apply to you based on the industry segment to make sure you understand the scope of operations that must be reported. Include information for equipment at each facility.
B20: Name | C20: Details
B21: INSTRUCTIONS
B22: Intro | C22: Overview of tabs and general instructions.
B23: Definitions | C23: List of definitions of key terms used in this survey.
B24: FACILITY LEVEL INFORMATION
B25: Facility | C25: This form should be completed first, as this information will be used in the other sheets.
C26: Section 1. Parent Company General Information
C27: Section 2. Production/Processing Facility General Information
C28: Section 3. Processes/Emission Sources at the Production/Processing Facility
C29: Section 4. Monitoring at the Production/Processing Facility
C30: Section 5. Federal Regulatory Applicability at the Production/Processing Facility
B31: Composition | C31: Facility-level information about the composition of gases that pass through the production/processing facility. Complete this section using the most recent gas sampling data available.
C32: Section 1. Company and Facility Information. The information for these cells is filled in automatically from the Facility tab and should not be altered.
C33: Section 2. Gas Composition. Indicate the sample date and the concentration of each component as a percentage of volume prior to and after dehydration. When providing percentages, enter whole numbers (e.g., 20 for 20%; entering 0.2 will be interpreted as 0.2%).
B34: CONTROL DEVICE INFORMATION
C35: Complete this sheet for all organic emissions control devices (e.g., flares, combustors, vapor recovery units; see definitions) and all mercury or particulate matter control devices present at the production/processing facility.
B36: Control Devices | C36: This form should be completed second, as the control device IDs entered in this sheet may be used in other sheets.
C37: Section 1. Company and Facility Information. The information for these cells is filled in automatically from the Facility tab and should not be altered.
C38: Section 2. General Control Device Information. Complete one row for each organic emissions control device present at the production/processing facility. If no organic emissions control devices are present, you do not need to complete this section.
C39: Section 3. Control Device Cost Information. Complete one row for each organic emissions control device present at the production/processing facility. If no organic emissions control devices are present, you do not need to complete this section. Note that equipment and capital costs should be provided in “Year Installed” dollars. If equipment is rented, enter $0 and include rental costs in annual operating costs. For the annual operating and maintenance cost, enter operating costs for 2021 or the last operating year. If control device operation yielded net savings, enter a negative number equivalent to the annual net savings. Provide the natural gas consumption rate (e.g., supplemental fuel use rates) for the control device. For recovery compressors that yielded net natural gas savings, enter a negative value reflective of the net annual quantity of natural gas recovered.
C40: Section 4. General Control Device Information. Complete one row for each mercury or particulate control device present at the production/processing facility. If no mercury or particulate control devices are present, you do not need to complete this section.
B41: EMISSON SOURCE-SPECIFIC INFORMATION
C42: Complete these sheets only if the source or equipment is present at the production/processing facility.
C43: You must provide information regarding each source or equipment present at the facility regardless of whether the equipment is rented, leased, or separately owned. These forms should be able to be completed with information readily available without additional testing.
B44: HAP | C44: Information sheet for emissions of HAP from all emission sources present at the production/processing facility.
C45: Section 1. Company and Facility Information. The information for these cells is filled in automatically from the Facility tab and should not be altered.
C46: Section 2. HAP Emissions. Complete each applicable column for the list of HAP provided. For each HAP, indicate whether emissions have been estimated, measured, or if you have confirmed through sampling or monitoring that the HAP is not found or is below the detection limit. If the HAP was not tested for, select “Never Estimated or Tested For.” If metals other than mercury have been estimated or measured from emission sources present at the facility, list them in the HAP column at the bottom of the list and fill out the other columns as appropriate. Also indicate whether each HAP has been measured for in ambient monitoring at or around the facility. Note that the EPA is aware of studies at oil and natural gas sites that have identified emissions of several HAP not routinely reported, which are included in the table.
B47: Storage Vessels | C47: Source-specific information sheet for separators and storage tanks/vessels located at the production/processing facility. This information should be completed for all separators, heater treaters, and other liquid hydrocarbon storage vessels managing produced fluids. Information on “pressure vessels” or tanks used to store any type of glycol, amine, diesel fuel, gasoline, or inorganic chemical, and should not be included in this tab.
C48: Section 1. Company and Facility Information. The information for these cells is filled in automatically from the Facility tab and should not be altered.
C49: Section 2. Number of Production/Processing Units. If there are no units at the facility, you do not need to complete Section 3.
C50: Section 3. Tank/Vessel Emissions. Complete different rows for each type of emissions (flash and working/breathing) from each tank/vessel ID, as applicable. Note that the table has different columns for uncontrolled versus controlled emissions. Unless otherwise noted, you should provide actual emissions data. Total emissions and control information for all manifolded tanks are only required to be reported for one tank in the manifolded group.
B51: Dehydrators | C51: Source-specific information sheet for dehydration units.
C52: Section 1. Company and Facility Information. The information for these cells is filled in automatically from the Facility tab and should not be altered.
C53: Section 2. Number of Production/Processing Units. If there are no units at the facility, you do not need to complete Section 3.
C54: Section 3. Dehydrator Emissions. Complete one row for each dehydrator ID. Note that the table has different columns for uncontrolled versus controlled emissions. Unless otherwise noted, you should provide actual emissions data. When providing percentages, enter whole numbers (e.g., 20 for 20%; entering 0.2 will be interpreted as 0.2%).
B55: Associated GasOilWells | C55: Source-specific information sheet for associated gas from oil wells.
C56: Section 1. Company and Facility Information. The information for these cells is filled in automatically from the Facility tab and should not be altered.
C57: Section 2. Information About Gas Routing. If associated gas is routed to a sales line, you need only complete the related information in Section 2 and do not need to complete Section 3. If associated gas is not routed to a sales line, the reason is to be provided in Section 2 and Section 3 should be completed.
C58: Section 3. Associated Gas Emissions. Complete one row for each US Well ID. If multiple wells are linked to a single separator, provide emissions information for the entire group on a single row and identify all US Well IDs in the first column. Note that the table has different columns for uncontrolled versus controlled emissions. Unless otherwise noted, you should provide actual emissions data.
B59: Compressors | C59: Source-specific information sheet for production/processing compressors, including vapor recovery compressors.
C60: Section 1. Company and Facility Information. The information for these cells is filled in automatically from the Facility tab and should not be altered.
C61: Section 2. Compressor Emissions. Complete one row for each compressor name/ID. Note that the table has different columns for uncontrolled versus controlled emissions. Enter emissions from the compressor only, not including the driver. Unless otherwise noted, you should provide actual emissions data.
B62: SurfaceWater Impoundments | C62: Source-specific information sheet for surface water impoundments. Note that this excludes impoundments covered under 40 CFR Part 63, Subpart DD (Off-Site Waste and Recovery Operations). If there are no surface water impoundments at the facility, you do not need to complete this tab.
C63: Section 1. Company and Facility Information. The information for these cells is filled in automatically from the Facility tab and should not be altered.
C64: Section 2. Emissions Information. Complete one row for each location within the facility that handles surface water impoundments. Note that the table has different columns for uncontrolled versus controlled emissions. Unless otherwise noted, you should provide actual emissions data.
B65: TruckLoading | C65: Source-specific information sheet for product truck loading and vapor balancing at production/processing facilities.
C66: Section 1. Company and Facility Information. The information for these cells is filled in automatically from the Facility tab and should not be altered.
C67: Section 2. Number of Production/Processing Units. If there are no loading racks at the facility, you do not need to complete Section 3.
C68: Section 3. Loading Rack Emissions. Complete one row for each loading rack ID. Note that the table has different columns for uncontrolled versus controlled emissions. Uncontrolled emissions should be calculated without bottom/submerged fill, if used. Unless otherwise noted, you should provide actual emissions data.
B69: AGRUnits | C69: Source-specific information sheet for acid gas removal units. If there are no acid gas removal units at the production/processing facility, you do not need to complete this tab.
C70: Section 1. Company and Facility Information. The information for these cells is filled in automatically from the Facility tab and should not be altered.
C71: Section 2. Acid Gas Removal Unit (AGRU) Emissions. Complete one row for each unit ID. Note that the table has different columns for uncontrolled versus controlled emissions. Unless otherwise noted, you should provide actual emissions data.
B72: Pneumatic Pumps Controllers | C72: Source-specific information sheet for pneumatic devices in production/processing, including pneumatic controllers, pneumatic pumps, isolation valves, and actuators.
C73: Section 1. Company and Facility Information. The information for these cells is filled in automatically from the Facility tab and should not be altered.
C74: Section 2. Presence of Natural Gas-Driven Pneumatic Devices/Pumps for Production/Processing. If there are no pneumatic devices or pumps at the facility, you do not need to complete sections 3-6.
C75: Section 3. Inventory of Pneumatic Controllers/Devices/Pumps in Production/Processing Service.
C76: Section 4. General Pneumatic Controllers/Devices/Pumps Information. Note that you may or may not need to complete Section 6 depending on your answer to the question in this section regarding direct measurements of emissions.
C77: Section 5. Pneumatically Driven Isolation Valve Actuations. Complete one row for each isolation valve/actuator ID.
C78: Section 6. Direct Measurements. Only complete this section if you answered “Yes” to the question in Section 3 regarding direct measurements of emissions. Complete one row for each source description or ID for which measurement data are available.
B79: Equipment Leaks | C79: Source-specific information sheet for equipment and fugitive component leaks at production/processing facilities.
C80: Section 1. Company and Facility Information. The information for these cells is filled in automatically from the Facility tab and should not be altered.
C81: Section 2. Additional Production/Processing Facility Information. Note that you may or may not need to complete Section 4 depending on your answer to the last question in this Section.
C82: Section 3. Pressure Relief Devices in Production/Processing Service.
C83: Section 4. Production/Processing Equipment and Fugitive Component Leak Emissions. Provide the combined emissions for all equipment and fugitive component leaks that occurred in 2021. Unless otherwise noted, you should provide actual emissions data considering the impacts of leak detection and repair programs.
B85: Useful Tips
B86: Shading
B87: For each table, fill in the required information in the blue-shaded cells. Green-shaded cells are filled in automatically by the sheet. You do not need to fill out cells that are blacked out. Note that some cells will automatically change color depending on your answers to other questions. For example, if the “Other (specify)” option is selected from the dropdown menu, the next cell will change color to allow you to provide more specific information.
B88: Drop Down Pick Lists
B89: Many input values have predetermined lists of potential answers. A small triangle will appear on the right side of the cell that provides a pick list. Click on the triangle and the list of options will appear. Select the best option of those provided. Some lists include “Other” as a choice. If you select this option, please provide further information in the next column.

Sheet Definitions
B1: Oil and Gas Production/Processing Information Collection Request
B3: Key Terms and Definitions for Detailed Facility Survey
B4: Term | C4: Definition
B5: Acid gas removal unit (AGRU) | C5: A processing unit that separates gases such as carbon dioxide, hydrogen sulfide, and/or nitrogen from sour natural gas using liquid or solid absorbents or membrane separators. Also commonly referred to as a sweetening unit.
B6: Air-assisted flare | C6: A flare that intentionally introduces air at or near the flare tip through nozzles or other hardware conveyance for the purposes including, but not limited to, protecting the design of the flare tip, promoting turbulence for mixing or inducing air into the flame.
B7: API gravity | C7: A specific gravity scale developed by the American Petroleum Institute (API) for measuring the relative density of various petroleum liquids, expressed in degrees. The formula for determining API gravity is: API gravity = (141.5/SG at 60°F) - 131.5, where SG is the specific gravity of the fluid.
B8: Associated gas | C8: The natural gas which originates at oil wells and occurs either in a discrete gaseous phase at the wellhead or is released from the liquid hydrocarbon phase by separation.
B9: Atmospheric storage tank | C9: A class of storage tanks that store materials at approximately atmospheric pressure. Atmospheric storage tanks may store liquids at ambient temperatures or at elevated temperatures.
B10: Barrel | C10: A common unit of measurement for the volume of crude oil produced or processed. The volume of a barrel is equivalent to 42 US gallons.
B11: Barrel of oil equivalent (BOE) | C11: A unit of energy equal to 5.8-million British thermal units (5.8 MMBtu) based on the approximate energy released be burning one barrel of crude oil. For the purposes of this information collection request, you may use 1 BOE = 1 barrel of crude oil produced and 1 BOE = 5,800 scf of natural gas produced rather than using a direct energy conversion.
B12: Basin | C12: Geologic provinces as defined by the American Association of Petroleum Geologists (AAPG) Geologic Note: AAPG-CSD Geologic Provinces Code Map: AAPG Bulletin, Prepared by Richard F. Meyer, Laure G. Wallace, and Fred J. Wagner, Jr., Volume 75, Number 10 (October 1991) (incorporated by reference, see §98.7) and the Alaska Geological Province Boundary Map, Compiled by the American Association of Petroleum Geologists Committee on Statistics of Drilling in Cooperation with the USGS, 1978.
B13: Blowdown | C13: The act of releasing gas from a well, process unit, or pipeline to reduce the pressure of the system or to prepare equipment for maintenance or cleaning, such as pigging.
B14: Centralized production surface site | C14: One or more storage vessels and all equipment at a single surface site used to gather, for the purpose of sale or processing to sell, crude oil, condensate, produced water, or intermediate hydrocarbon liquid from one or more offsite natural gas or oil production wells. This equipment includes, but is not limited to, equipment used for storage, separation, treating, dehydration, artificial lift, combustion, compression, pumping, metering, monitoring, and flowline. Process vessels and process tanks are not conside vessels or storage tanks red storage . A centralized production facility is located upstream of the natural gas processing plant or the crude oil pipeline breakout station and is a part of producing operations.
B15: Centrifugal compressor | C15: Any machine for raising the pressure of a gaseous stream by drawing in low pressure gas and discharging significantly higher pressure gas by means of mechanical rotating vanes or impellers. Screw, sliding vane, and liquid ring compressors are not centrifugal compressors for the purposes of this information collection request.
... B108: Zero bleed pneumatic controller | C108: A pneumatic controller that does not bleed the pneumatic gas to the atmosphere. These pneumatic controllers are self-contained devices that release gas to a downstream pipeline instead of to the atmosphere.

Sheet Facility
B1: Production/Processing Facility Information
B3: 1. Parent Company General Information
B4: Legal Name: | C4: ETC Texas Pipeline, Ltd.
B5: Does this company meet the definition of small business? | C5: No
B6: Dun and Bradstreet Number: | C6: 08-041-2155
B8: Mailing Address: | C8: 8111 Westchester Drive, Suite 600
B9: Mailing City: | C9: Dallas
B10: Mailing State: | C10: Texas
B11: Mailing Zip: | C11: 75225
B13: Contact Name: | C13: Toby Clark
B14: Contact Title: | C14: VP - Operations
B15: Contact Phone: | C15: 432-614-9387
B16: Contact Phone 2:
B17: Contact Email: | C17: toby.clark@energytransfer.com
B18: Contact Email 2:
B20: 2. Production/Processing Facility General Information
B21: Facility Name: | C21: Rebel Gas Processing Plant
B22: Assigned Facility ICR ID: | C22: 24
B23: Facility Type: | C23: Other
B24: Other Facility Type, if applicable: | C24: Natural Gas Processing Plant
B25: Physical Address: | C25: 13788 Highway 158
B26: Physical City: | C26: Garden City
B27: Physical State: | C27: Texas
B28: Physical Zip: | C28: 79739
B29: Physical County: | C29: Glasscock
B30: Latitude (degrees decimal) | C30: 31.887547
B31: Longitude (degrees decimal) | C31: -101.702
B32: Mailing Address: | C32: 8111 Westchester Drive, Suite 600
B33: Mailing City: | C33: Dallas
B34: Mailing State: | C34: Texas
B35: Mailing Zip: | C35: 75225
B37: Contact Name: | C37: Stephanie Silva
B38: Contact Title: | C38: Associate Specialist - Environmental
B39: Contact Phone: | C39: 432-236-2362
B40: Contact Phone 2:
B41: Contact Email: | C41: stephanie.silva@energytransfer.com
B42: Contact Email 2:
B44: Is the facility located in an Urban-1 county? | C44: No
B45: Is the facility located in an UA plus offset and UC boundary? | C45: No
B47: Are personnel stationed at the facility? | C47: Yes
B48: If no, how often is this facility manned or visited?
B49: If no, driving distance from nearest field office where personnel are stationed (road miles).
B50: If no, travel time from nearest field office where personnel are stationed (road miles).
B51: Number of months the facility operated in 2021: | C51: 12
B52: What type of electricity is available at this facility? | C52: Grid
B54: Quantity of natural gas leaving the facility (sales) in the 2021 calendar year (thousand standard cubic feet). [For production facilities, this is the quantity extracted from all wells at the well surface site and also report the quantity leaving the centralized production surface site; for storage facilities, this is the quantity removed from storage.] | C54: 81745000
B55: Is the facility connected to a gathering and boosting pipeline? | C55: Yes
B56: Quantity of all hydrocarbon liquids (crude oil and condensate, including NGLs) leaving the facility (sales) in the 2021 calendar year (barrels): [For production facilities, this is the quantity extracted from all wells at the well surface site and also report the quantity leaving the centralized production surface site.] | C56: 37565751
B57: For production facilities, quantity of produced water (thousand bbl/year in the 2021 calendar year):
B58: For gathering and boosting station facilities, miles of pipeline associated with the gathering and boosting station:
B60: 3. Processes/Emission Sources at the Production/Processing Facility | C60: Present?
B61: Storage Vessels | C61: Yes
B62: Dehydrators | C62: Yes
B63: Oil Wells with Associated Gas | C63: No
B64: Compressors | C64: Yes
B65: Land Application of Waste | C65: No
B66: Produced Water and Wastewater Surface Impoundments | C66: No
B67: Truck Loading | C67: Yes
B68: Saltwater and produced water treatment facilities | C68: No
B69: Amine Units and Sulfur Recovery Units | C69: Yes
B70: Injection Storage Wells | C70: No
B71: Natural Gas Driven Pneumatic Controllers | C71: No
... B74: Other (Please List) | C74: No
B79: 4. Monitoring at the Production/Processing Facility
B80: Is the facility conducting fenceline monitoring to identify elevated concentration of pollutants? | C80: No
B81: Is the facility conducting OGI monitoring to identify equipment leaks? | C81: Yes | D81: Be sure to complete the Equipment Leaks tab
B84: 5. Federal Regulatory Applicability at the Production/Processing Facility
B85: Is the facility a major or area source, as defined in 40 CFR 63, subpart HH? | C85: Area
B86: Are operations at the facility subject to the major source provisions in 40 CFR 63, subpart HH? | C86: No
B87: Storage Vessels with the Potential for Flash Emissions
B88: Large glycol dehydration unit (an actual annual average natural gas flowrate equal to or greater than 85 thousand standard cubic meters per day and actual annual average benzene emissions equal to or greater than 0.90 Mg/yr)
B89: Small glycol dehydration unit
B90: Are operations at the facility subject to the area source provisions in 40 CFR 63, subpart HH? | C90: Yes
B91: Large TEG glycol dehydration unit (an actual annual average natural gas flowrate equal to or greater than 85 thousand standard cubic meters per day and actual annual average benzene emissions equal to or greater than 0.90 Mg/yr) | C91: No
B92: Small TEG glycol dehydration unit | C92: No
B93: Are operations at the facility subject to the provisions in 40 CFR 60, subpart OOOO or OOOOa? | C93: Yes
B94: Pneumatic controllers | C94: Yes
B95: Pneumatic pumps | C95: Yes
B96: Storage vessels | C96: Yes
B97: Reciprocating compressors | C97: Yes
B98: Centrifugal compressors | C98: Yes
B99: Collection of fugitive components | C99: Yes
B100: Sweetening unit | C100: Yes
B101: Are greenhouse gas (GHG) emissions from this facility reported under 40 CFR part 98, subpart W for reporting year 2021? | C101: Yes
B102: Facility GHGRP ID, if applicable: | C102: 557122

Sheet Composition
B1: Gas Composition at Production/Processing Facilities
B3: 1. Company and Facility Information
B4: Company | C4: =Facility!C4 -> ETC Texas Pipeline, Ltd.
B5: Facility | C5: =Facility!C21 -> Rebel Gas Processing Plant
B8: 2. Gas Composition
B9: Complete according to most recent gas sampling event if available. If the test was not performed for a component, enter "N/A". If the test was performed for a component but the results were below the detection limit, enter "ND". Provide documentation.
B10: Sample Date (mm/dd/yyyy): | C10: 43451 | D10: 43438
C11: Inlet (Prior to Dehydration) | D11: Outlet (Post Dehydration)
B12: Component: | C12: Concentration (vol %) | D12: Concentration (vol %)
B13: Carbon Dioxide | C13: 0.7349 | D13: ND
B14: Nitrogen | C14: 2.2467 | D14: 2.1945
B15: Ethane | C15: 12.4024 | D15: 12.503
B16: Propane | C16: 7.1981 | D16: 7.5302
B17: Isobutane | C17: 0.5939 | D17: 0.6079
B18: n-Butane | C18: 1.7868 | D18: 1.8176
B19: Isopentane | C19: 0.257 | D19: 0.2419
B20: n-Pentane | C20: 0.244 | D20: 0.2479
B21: Cyclopentane | C21: 0.0195 | D21: 0.0195
B22: n-Hexane | C22: 0.023 | D22: 0.0241
B23: Cyclohexane | C23: 0.0069 | D23: 0.007
B24: Heptanes | C24: 0.0019 | D24: 0.0019
B25: Acetaldehyde | C25: N/A | D25: N/A
B26: Benzene | C26: 0.0035 | D26: 0.0038
B27: Carbon Disulfide | C27: N/A | D27: N/A
B28: Carbonyl Sulfide | C28: N/A | D28: N/A
B29: Ethylbenzene | C29: ND | D29: 0.0001
B30: Ethylene Glycol | C30: N/A | D30: N/A
B31: Formaldehyde | C31: N/A | D31: N/A
B32: n-Hexane | C32: 0.023 | D32: 0.0241
B33: Naphthalene | C33: N/A | D33: N/A
B34: Toluene | C34: 0.0009 | D34: 0.0008
B35: 2,2,4-Trimethylpentane | C35: N/A | D35: N/A
B36: Xylenes (isomers and mixture) | C36: 0.0001 | D36: 0.0002
B37: o-Xylenes | C37: ND | D37: 0.0001
B38: m-Xylenes | C38: 5e-05 | D38: 5e-05
B39: p-Xylenes | C39: 5e-05 | D39: 5e-05
B40: 1,3-Butadiene | C40: N/A | D40: N/A
B41: Cumene | C41: N/A | D41: N/A
B42: Ethylene Dichloride | C42: N/A | D42: N/A
B43: Mercury Compounds | C43: N/A | D43: N/A
B44: Methanol | C44: N/A | D44: N/A
B45: Methyl Chloride | C45: N/A | D45: N/A
B46: Tetrachloroethylene | C46: N/A | D46: N/A
B47: Vinyl Chloride | C47: N/A | D47: N/A
B48: Other Metals (list below) | C48: N/A | D48: N/A

Sheet Control Devices
B1: Control Devices at Production/Processing Facilities
B3: 1. Company and Facility Information
B4: Company | C4: =Facility!C4 -> ETC Texas Pipeline, Ltd.
B5: Facility | C5: =Facility!C21 -> Rebel Gas Processing Plant
B8: 2. General Control Device Information
B9: Complete for each Organic Emissions Control Device used for production and processing. If no Organic Emissions Control Devices are present at the facility, you do not need to complete this section.
B10: Control Device ID in Production/Processing Service | C10: Emission Sources Where Control Device is Used | D10: Control Device Type | E10: If Other, Specify. | F10: Release height (ft) | G10: Stack diameter (ft) | H10: Maximum flow capacity for device (scfm) *Manufacturer Design Capacity | I10: 2021 Actual Annual operating hours *If unavailable, assume 8760 hrs* | J10: Average Net Heating Value of waste gas stream (Btu/scf) | K10: Estimated cumulative volume of waste gas sent to device in 2021 (scf) | L10: Net Heating Value of purge/pilot gas (Btu/scf) | M10: Purge Gas Flow Rate (scf/hr) | N10: Pilot Gas Flow Rate (scf/hr) | O10: Fraction of time control device is operated (lit) while waste gas flow is present (if available). Provide data as a decimal. | P10: Design Fractional Control Efficiency of Device. Provide data as a decimal. | Q10: Maximum Heat Input Capacity to the Control Device (MMBtu/hr) | R10: For Vapor Recovery Units, Minimum Rated Suction Pressure (psig) | S10: For Vapor Recovery Units, Maximum Rated Suction Pressure (psig) | T10: For thermal control devices, type of ignition source | U10: For thermal control devices, does it have a monitor to ensure a continuous flame? | V10: For thermal control devices, does it have monitoring to indicate when the device malfunctions or shuts down? | W10: For thermal control device, are there louvers, dampers, or other means of controlling ambient inlet air | X10: For air assisted flares, type of air supply fan | Y10: Is device equipped with a waste gas meter or other continuous parameter monitor? | Z10: If yes, provide parameter(s) monitored. | AA10: Were any emissions source tests conducted for this control device in past 5 years? If yes, please attach source test report. | AB10: If yes, enter file name of attached report.
B11: TO | C11: Amine and Dehy Regenerators | D11: Thermal oxidizer/incinerator | F11: 30 | G11: 2 | H11: 5000 | I11: 8760 | J11: 63.028582 | K11: 4.632945e+08 | L11: 1020 | M11: 34826 | N11: 0 | O11: 1 | P11: 0.99 | Q11: 2 | T11: Continuous pilot flame | U11: Yes | V11: Yes | W11: Yes | Y11: No | AA11: No
B12: VCU | C12: Truck Loading | D12: Enclosed flare/combustor | F12: 30 | G12: 4 | H12: 1500 | I12: 8760 | J12: 1099.95 | K12: 18000 | L12: 1020 | M12: 0 | N12: 21 | O12: 1 | P12: 0.98 | Q12: 6.6 | Y12: No | AA12: No
B13: FL-3 | C13: Blowdowns | D13: Air-assisted candlestick flare | F13: 85 | G13: 1 | H13: 5000 | I13: 8760 | J13: 902.43 | K13: 1707360 | L13: 1020 | M13: 0 | N13: 420 | O13: 1 | P13: 0.98 | Q13: 2 | X13: Variable speed fan | Y13: No | AA13: No
B14: FL-1 | C14: Condensate Storage Tanks, Backup for TO | D14: Air-assisted candlestick flare | F14: 50 | G14: 1.5 | H14: 10000 | I14: 8760 | J14: 2300 | K14: 32110950 | L14: 1020 | M14: 0 | N14: 2830 | O14: 1 | P14: 0.98 | Q14: 20 | X14: Variable speed fan | Y14: No | AA14: No
B29: 3. Control Device Cost Information
B30: Complete for each Organic Emissions Control Device used for production and processing (if information is available). If no Organic Emissions Control Devices are present at the facility, you do not need to complete this section.
B31: Control Device ID in Production/Processing Service | C31: Year Installed | D31: Was Device Installed During Initial Construction? | E31: Purchased Equipment Costs ($) | F31: Total Capital Installed Cost ($) | G31: Annual Operating and Maintenance Cost ($/yr in 2021) | H31: Natural Gas Consumption Rate (MMscf/yr) | I31: Annual Electricity Usage (kWh)
B32: =IF(B11="","",B11) -> TO
B33: =IF(B12="","",B12) -> VCU
B34: =IF(B13="","",B13) -> FL-3
B35: =IF(B14="","",B14) -> FL-1
B36: =IF(B15="","",B15)
B37: =IF(B16="","",B16)
B38: =IF(B17="","",B17)
B39: =IF(B18="","",B18)
B40: =IF(B19="","",B19)
B41: =IF(B20="","",B20)
B42: =IF(B21="","",B21)
B43: =IF(B22="","",B22)
... B49: =IF(B28="","",B28)
B51: 4. General Control Device Information
B52: Complete for each Mercury or Particulate Control Device used in production and processing. If no Mercury or Particulate Control Devices are present at the facility, you do not need to complete this section.
B53: Control Device ID in Production/Processing Service | C53: Control Device Type (Identify) | D53: Control Efficiency | E53: Control Efficiency Manufacturer's Rating or Verified via Stack Testing?

Sheet HAP
B1: Hazardous Air Pollutants Emitted at Production/Processing Facilities
B4: 1. Company and Facility Information
B5: Company | C5: =Facility!C4 -> ETC Texas Pipeline, Ltd.
B6: Facility | C6: =Facility!C21 -> Rebel Gas Processing Plant
B8: 2. HAP Emissions
B9: For each HAP from each emission source, please indicate whether emissions of the HAP have been (1) Estimated, (2) Measured, (3) Sampling or Monitoring Conducted, Analyte Not Found/Below Detection Limit, (4) Never Estimated or Tested For. Also indicate whether each HAP has been measured for in ambient monitoring at or around the facility. Note that the EPA is aware of studies at oil and natural gas sites that have identified emissions of several HAP not routinely reported, which are included in the list below.
B10: HAP | C10: Estimated or Measured from Specific Production/Processing Emission Source | M10: Detected During Ambient Monitoring at or Near Production/ Processing Facility
C11: Storage Vessels | D11: Dehydrators | E11: Associated Gas Oil Wells | F11: Compressors | G11: Surface Water Impoundments* | H11: Truck Loading | I11: Acid Gas Recovery Units | J11: Pneumatic Controllers and Pumps | K11: Equipment Leaks | L11: Other (Please List)
B12: Acetaldehyde | C12: Never estimated or tested for | D12: Never estimated or tested for | E12: Never estimated or tested for | F12: Never estimated or tested for | G12: Never estimated or tested for | H12: Never estimated or tested for | I12: Never estimated or tested for | J12: Never estimated or tested for | K12: Never estimated or tested for
B13: Benzene | C13: Never estimated or tested for | D13: Estimated | E13: Never estimated or tested for | F13: Never estimated or tested for | G13: Never estimated or tested for | H13: Never estimated or tested for | I13: Estimated | J13: Never estimated or tested for | K13: Never estimated or tested for
B14: Carbon Disulfide | C14: Never estimated or tested for | D14: Never estimated or tested for | E14: Never estimated or tested for | F14: Never estimated or tested for | G14: Never estimated or tested for | H14: Never estimated or tested for | I14: Never estimated or tested for | J14: Never estimated or tested for | K14: Never estimated or tested for
B15: Carbonyl Sulfide | C15: Never estimated or tested for | D15: Never estimated or tested for | E15: Never estimated or tested for | F15: Never estimated or tested for | G15: Never estimated or tested for | H15: Never estimated or tested for | I15: Never estimated or tested for | J15: Never estimated or tested for | K15: Never estimated or tested for
B16: Ethylbenzene | C16: Never estimated or tested for | D16: Estimated | E16: Never estimated or tested for | F16: Never estimated or tested for | G16: Never estimated or tested for | H16: Never estimated or tested for | I16: Estimated | J16: Never estimated or tested for | K16: Never estimated or tested for
B17: Ethylene Glycol | C17: Never estimated or tested for | D17: Never estimated or tested for | E17: Never estimated or tested for | F17: Never estimated or tested for | G17: Never estimated or tested for | H17: Never estimated or tested for | I17: Never estimated or tested for | J17: Never estimated or tested for | K17: Never estimated or tested for
B18: Formaldehyde | C18: Never estimated or tested for | D18: Never estimated or tested for | E18: Never estimated or tested for | F18: Never estimated or tested for | G18: Never estimated or tested for | H18: Never estimated or tested for | I18: Never estimated or tested for | J18: Never estimated or tested for | K18: Never estimated or tested for
B19: n-Hexane | C19: Never estimated or tested for | D19: Estimated | E19: Never estimated or tested for | F19: Never estimated or tested for | G19: Never estimated or tested for | H19: Never estimated or tested for | I19: Estimated | J19: Never estimated or tested for | K19: Never estimated or tested for
B20: Naphthalene | C20: Never estimated or tested for | D20: Never estimated or tested for | E20: Never estimated or tested for | F20: Never estimated or tested for | G20: Never estimated or tested for | H20: Never estimated or tested for | I20: Never estimated or tested for | J20: Never estimated or tested for | K20: Never estimated or tested for
B21: Toluene | C21: Never estimated or tested for | D21: Estimated | E21: Never estimated or tested for | F21: Never estimated or tested for | G21: Never estimated or tested for | H21: Never estimated or tested for | I21: Estimated | J21: Never estimated or tested for | K21: Never estimated or tested for
B22: 2,2,4-Trimethylpentane | C22: Never estimated or tested for | D22: Never estimated or tested for | E22: Never estimated or tested for | F22: Never estimated or tested for | G22: Never estimated or tested for | H22: Never estimated or tested for | I22: Never estimated or tested for | J22: Never estimated or tested for | K22: Never estimated or tested for
B23: Xylenes (isomers and mixture) | C23: Never estimated or tested for | D23: Estimated | E23: Never estimated or tested for | F23: Never estimated or tested for | G23: Never estimated or tested for | H23: Never estimated or tested for | I23: Estimated | J23: Never estimated or tested for | K23: Never estimated or tested for
... B35: Other Metals (list below) | C35: Never estimated or tested for | D35: Never estimated or tested for | E35: Never estimated or tested for | F35: Never estimated or tested for | G35: Never estimated or tested for | H35: Never estimated or tested for | I35: Never estimated or tested for | J35: Never estimated or tested for | K35: Never estimated or tested for
G41: *Excludes Impoundments Covered under 40 CFR Part 63, Subpart DD [Off-Site Waste and Recovery Operations]

Sheet StorageVessels
B1: Storage Tanks/Vessels at Production/Processing Facilities
B4: 1. Company and Facility Information
B5: Company | C5: =Facility!C4 -> ETC Texas Pipeline, Ltd.
B6: Facility | C6: =Facility!C21 -> Rebel Gas Processing Plant
B8: 2. Number of Production/Processing Units
B9: Number of Separators | C9: 1
B10: Number of Atmospheric Storage Tanks/Vessels | C10: 12
B12: 3. Tank/Vessel Emissions | D12: YOU DO NOT NEED TO COMPLETE THE REST OF THIS TAB. | J12: Uncontrolled Emissions Information | AK12: Emissions Estimation Method | AN12: Control Information | AP12: Controlled Emissions Information | BQ12: Regulatory Information | BZ12: Process Information
B13: Tank/Vessel ID in Production/Processing Service | C13: Tank/Vessel Contents | D13: If "Other", please identify contents | E13: From where does this tank/vessel receive feed? | F13: If "Other", please explain | G13: What type of emissions (Flash/Working/Breathing)? Note: Emission Estimates should be provided for all flash and working/breathing separately, if applicable | H13: Is the tank/vessel vapor space manifolded with other tanks/vessels at the facility? | I13: If yes, list the other tanks/vessels manifolded with this tank. Total emissions and control information for all manifolded tanks are only required to be reported for one tank in the manifolded group. | J13: VOC (tons/yr) | K13: CH4 (tons/yr) | L13: Acetaldehyde (tons/yr) | M13: Benzene (tons/yr) | N13: Carbon Disulfide (tons/yr) | O13: Carbonyl Sulfide (tons/yr) | P13: Ethylbenzene (tons/yr) | Q13: Ethylene Glycol (tons/yr) | R13: Formaldehyde (tons/yr) | S13: n-Hexane (tons/yr) | T13: Naphthalene (tons/yr) | U13: Toluene (tons/yr) | V13: 2,2,4- Trimethylpentane (tons/yr) | W13: Xylenes (isomers and mixture) (tons/yr) | X13: o-Xylenes (tons/yr) | Y13: m-Xylenes (tons/yr) | Z13: p-Xylenes (tons/yr) | AA13: 1,3-Butadiene (tons/yr) | AB13: Cumene (tons/yr) | AC13: Ethylene Dichloride (tons/yr) | AD13: Mercury Compounds (tons/yr) | AE13: Methanol (tons/yr) | AF13: Methyl Chloride (tons/yr) | AG13: Tetrachloroethylene (tons/yr) | AH13: Vinyl Chloride (tons/yr) | AI13: Other HAP (tons/yr) | AJ13: Total HAP (tons/yr) | AK13: Were the emissions calculated, modeled, or measured? | AL13: If calculated or modeled, what method? (provide documentation) | AM13: If measured, what test method? (provide documentation) | AN13: Are emissions from the tank/vessel routed to a control device? | AO13: If yes, enter the Control Device ID for the primary control device associated with the tank/vessel | AP13: VOC (tons/yr) | AQ13: CH4 (tons/yr) | AR13: Acetaldehyde (tons/yr) | AS13: Benzene (tons/yr) | AT13: Carbon Disulfide (tons/yr) | AU13: Carbonyl Sulfide (tons/yr) | AV13: Ethylbenzene (tons/yr) | AW13: Ethylene Glycol (tons/yr) | AX13: Formaldehyde (tons/yr) | AY13: n-Hexane (tons/yr) | AZ13: Naphthalene (tons/yr) | BA13: Toluene (tons/yr) | BB13: 2,2,4-Trimethylpentane (tons/yr) | BC13: Xylenes (isomers and mixture) (tons/yr) | BD13: o-Xylenes (tons/yr) | BE13: m-Xylenes (tons/yr) | BF13: p-Xylenes (tons/yr) | BG13: 1,3-Butadiene (tons/yr) | BH13: Cumene (tons/yr) | BI13: Ethylene Dichloride (tons/yr) | BJ13: Mercury Compounds (tons/yr) | BK13: Methanol (tons/yr) | BL13: Methyl Chloride (tons/yr) | BM13: Tetrachloro-ethylene (tons/yr) | BN13: Vinyl Chloride (tons/yr) | BO13: Other HAP (tons/yr) | BP13: Total HAP (tons/yr) | BQ13: Is the tank/vessel subject to 40 CFR 60 subpart OOOO or OOOOa? | BR13: If yes, in what way? | BS13: If no, specify reason | BT13: Is the tank/vessel subject 40 CFR 63 subpart HH? | BU13: If no, specify reason | BV13: Is the tank/vessel subject to 43 CFR 3100 subpart 3179? | BW13: If no, specify reason | BX13: Is the tank/vessel subject to State/local or other environmental regulations? | BY13: If yes, specify rule(s) | BZ13: Tank/Vessel capacity (gallons) | CA13: Average tank/vessel hydrocarbon throughput (bbl/day) | CB13: Average tank/vessel water throughput (bbl/day) | CC13: Average gaseous flow rate to tank/vessel (scfm) | CD13: Average liquid feed flow rate to tank/vessel (bbl/day) | CE13: Average Tank/Vessel operating pressure (psig) | CF13: Average liquid level in tank/vessel (m) | CG13: Average liquid flow rate from tank/vessel (bbl/day) | CH13: Average gaseous flow from tank/vessel (scfm)
B14: TANK-1 | C14: Condensate | E14: Other | F14: Condensate Stabilizer | G14: Working and Breathing | H14: Yes | I14: TANK-1 through TANK-8 | J14: =AP14/0.02 -> 1.87625 | AK14: Calculated/Modeled | AL14: AP-42 Chapter 7 | AN14: Yes | AO14: FL-1 | AP14: =0.3002/8 -> 0.037525 | BQ14: No | BS14: Storage tank potential to emit is < 6.0 tons/year VOCs uncontrolled | BT14: No | BU14: Facility is an Area Source, as defined in 40 CFR 63, subpart HH | BV14: No | BW14: Facility not located on public lands. | BX14: No | BZ14: 21000 | CA14: =613007/42/365/8 -> 4.9984263 | CB14: 0 | CC14: 0 | CD14: =CA14 -> 4.9984263 | CE14: 0 | CF14: 2.4384 | CG14: =CA14 -> 4.9984263 | CH14: =(379/66)*2000*J14*(1/525600) -> 0.040997806
B15: TANK-2 | C15: Condensate | E15: Other | F15: Condensate Stabilizer | G15: Working and Breathing | H15: Yes | I15: TANK-1 through TANK-8 | J15: =$J$14 -> 1.87625 | AK15: Calculated/Modeled | AL15: AP-42 Chapter 7 | AN15: Yes | AO15: FL-1 | AP15: =0.3002/8 -> 0.037525 | BQ15: No | BS15: Storage tank potential to emit is < 6.0 tons/year VOCs uncontrolled | BT15: No | BU15: Facility is an Area Source, as defined in 40 CFR 63, subpart HH | BV15: No | BW15: Facility not located on public lands. | BX15: No | BZ15: 21000 | CA15: =613007/42/365/8 -> 4.9984263 | CB15: 0 | CC15: 0 | CD15: =CA15 -> 4.9984263 | CE15: 0 | CF15: 2.4384 | CG15: =CA15 -> 4.9984263 | CH15: =(379/66)*2000*J15*(1/525600) -> 0.040997806
B16: TANK-3 | C16: Condensate | E16: Other | F16: Condensate Stabilizer | G16: Working and Breathing | H16: Yes | I16: TANK-1 through TANK-8 | J16: =$J$14 -> 1.87625 | AK16: Calculated/Modeled | AL16: AP-42 Chapter 7 | AN16: Yes | AO16: FL-1 | AP16: =0.3002/8 -> 0.037525 | BQ16: No | BS16: Storage tank potential to emit is < 6.0 tons/year VOCs uncontrolled | BT16: No | BU16: Facility is an Area Source, as defined in 40 CFR 63, subpart HH | BV16: No | BW16: Facility not located on public lands. | BX16: No | BZ16: 21000 | CA16: =613007/42/365/8 -> 4.9984263 | CB16: 0 | CC16: 0 | CD16: =CA16 -> 4.9984263 | CE16: 0 | CF16: 2.4384 | CG16: =CA16 -> 4.9984263 | CH16: =(379/66)*2000*J16*(1/525600) -> 0.040997806
B17: TANK-4 | C17: Condensate | E17: Other | F17: Condensate Stabilizer | G17: Working and Breathing | H17: Yes | I17: TANK-1 through TANK-8 | J17: =$J$14 -> 1.87625 | AK17: Calculated/Modeled | AL17: AP-42 Chapter 7 | AN17: Yes | AO17: FL-1 | AP17: =0.3002/8 -> 0.037525 | BQ17: No | BS17: Storage tank potential to emit is < 6.0 tons/year VOCs uncontrolled | BT17: No | BU17: Facility is an Area Source, as defined in 40 CFR 63, subpart HH | BV17: No | BW17: Facility not located on public lands. | BX17: No | BZ17: 21000 | CA17: =613007/42/365/8 -> 4.9984263 | CB17: 0 | CC17: 0 | CD17: =CA17 -> 4.9984263 | CE17: 0 | CF17: 2.4384 | CG17: =CA17 -> 4.9984263 | CH17: =(379/66)*2000*J17*(1/525600) -> 0.040997806
B18: TANK-5 | C18: Condensate | E18: Other | F18: Condensate Stabilizer | G18: Working and Breathing | H18: Yes | I18: TANK-1 through TANK-8 | J18: =$J$14 -> 1.87625 | AK18: Calculated/Modeled | AL18: AP-42 Chapter 7 | AN18: Yes | AO18: FL-1 | AP18: =0.3002/8 -> 0.037525 | BQ18: No | BS18: Storage tank potential to emit is < 6.0 tons/year VOCs uncontrolled | BT18: No | BU18: Facility is an Area Source, as defined in 40 CFR 63, subpart HH | BV18: No | BW18: Facility not located on public lands. | BX18: No | BZ18: 21000 | CA18: =613007/42/365/8 -> 4.9984263 | CB18: 0 | CC18: 0 | CD18: =CA18 -> 4.9984263 | CE18: 0 | CF18: 2.4384 | CG18: =CA18 -> 4.9984263 | CH18: =(379/66)*2000*J18*(1/525600) -> 0.040997806
B19: TANK-6 | C19: Condensate | E19: Other | F19: Condensate Stabilizer | G19: Working and Breathing | H19: Yes | I19: TANK-1 through TANK-8 | J19: =$J$14 -> 1.87625 | AK19: Calculated/Modeled | AL19: AP-42 Chapter 7 | AN19: Yes | AO19: FL-1 | AP19: =0.3002/8 -> 0.037525 | BQ19: No | BS19: Storage tank potential to emit is < 6.0 tons/year VOCs uncontrolled | BT19: No | BU19: Facility is an Area Source, as defined in 40 CFR 63, subpart HH | BV19: No | BW19: Facility not located on public lands. | BX19: No | BZ19: 21000 | CA19: =613007/42/365/8 -> 4.9984263 | CB19: 0 | CC19: 0 | CD19: =CA19 -> 4.9984263 | CE19: 0 | CF19: 2.4384 | CG19: =CA19 -> 4.9984263 | CH19: =(379/66)*2000*J19*(1/525600) -> 0.040997806
B20: TANK-7 | C20: Condensate | E20: Other | F20: Condensate Stabilizer | G20: Working and Breathing | H20: Yes | I20: TANK-1 through TANK-8 | J20: =$J$14 -> 1.87625 | AK20: Calculated/Modeled | AL20: AP-42 Chapter 7 | AN20: Yes | AO20: FL-1 | AP20: =0.3002/8 -> 0.037525 | BQ20: No | BS20: Storage tank potential to emit is < 6.0 tons/year VOCs uncontrolled | BT20: No | BU20: Facility is an Area Source, as defined in 40 CFR 63, subpart HH | BV20: No | BW20: Facility not located on public lands. | BX20: No | BZ20: 21000 | CA20: =613007/42/365/8 -> 4.9984263 | CB20: 0 | CC20: 0 | CD20: =CA20 -> 4.9984263 | CE20: 0 | CF20: 2.4384 | CG20: =CA20 -> 4.9984263 | CH20: =(379/66)*2000*J20*(1/525600) -> 0.040997806
B21: TANK-8 | C21: Condensate | E21: Other | F21: Condensate Stabilizer | G21: Working and Breathing | H21: Yes | I21: TANK-1 through TANK-8 | J21: =$J$14 -> 1.87625 | AK21: Calculated/Modeled | AL21: AP-42 Chapter 7 | AN21: Yes | AO21: FL-1 | AP21: =0.3002/8 -> 0.037525 | BQ21: No | BS21: Storage tank potential to emit is < 6.0 tons/year VOCs uncontrolled | BT21: No | BU21: Facility is an Area Source, as defined in 40 CFR 63, subpart HH | BV21: No | BW21: Facility not located on public lands. | BX21: No | BZ21: 21000 | CA21: =613007/42/365/8 -> 4.9984263 | CB21: 0 | CC21: 0 | CD21: =CA21 -> 4.9984263 | CE21: 0 | CF21: 2.4384 | CG21: =CA21 -> 4.9984263 | CH21: =(379/66)*2000*J21*(1/525600) -> 0.040997806
B22: PWT-1 | C22: Produced Water | E22: Separator | G22: Working and Breathing | H22: No | J22: 0 | AK22: Calculated/Modeled | AL22: AP-42 Chapter 7 | AN22: No | AP22: 0 | BQ22: No | BS22: Storage tank potential to emit is < 6.0 tons/year VOCs uncontrolled | BT22: No | BU22: Facility is an Area Source, as defined in 40 CFR 63, subpart HH | BV22: No | BW22: Facility not located on public lands. | BX22: No | BZ22: 21000 | CA22: 0 | CB22: =1512000/42/365/4 -> 24.657534 | CC22: 0 | CD22: =CB22 -> 24.657534 | CE22: 0 | CF22: 2.4384 | CG22: =CB22 -> 24.657534 | CH22: =(379/66)*2000*J22*(1/525600) -> 0
B23: PWT-2 | C23: Produced Water | E23: Separator | G23: Working and Breathing | H23: No | J23: 0 | AK23: Calculated/Modeled | AL23: AP-42 Chapter 7 | AN23: No | AP23: 0 | BQ23: No | BS23: Storage tank potential to emit is < 6.0 tons/year VOCs uncontrolled | BT23: No | BU23: Facility is an Area Source, as defined in 40 CFR 63, subpart HH | BV23: No | BW23: Facility not located on public lands. | BX23: No | BZ23: 21000 | CA23: 0 | CB23: =1512000/42/365/4 -> 24.657534 | CC23: 0 | CD23: =CB23 -> 24.657534 | CE23: 0 | CF23: 2.4384 | CG23: =CB23 -> 24.657534 | CH23: =(379/66)*2000*J23*(1/525600) -> 0
B24: PWT-3 | C24: Produced Water | E24: Separator | G24: Working and Breathing | H24: No | J24: 0 | AK24: Calculated/Modeled | AL24: AP-42 Chapter 7 | AN24: No | AP24: 0 | BQ24: No | BS24: Storage tank potential to emit is < 6.0 tons/year VOCs uncontrolled | BT24: No | BU24: Facility is an Area Source, as defined in 40 CFR 63, subpart HH | BV24: No | BW24: Facility not located on public lands. | BX24: No | BZ24: 21000 | CA24: 0 | CB24: =1512000/42/365/4 -> 24.657534 | CC24: 0 | CD24: =CB24 -> 24.657534 | CE24: 0 | CF24: 2.4384 | CG24: =CB24 -> 24.657534 | CH24: =(379/66)*2000*J24*(1/525600) -> 0
B25: PWT-4 | C25: Produced Water | E25: Separator | G25: Working and Breathing | H25: No | J25: 0 | AK25: Calculated/Modeled | AL25: AP-42 Chapter 7 | AN25: No | AP25: 0 | BQ25: No | BS25: Storage tank potential to emit is < 6.0 tons/year VOCs uncontrolled | BT25: No | BU25: Facility is an Area Source, as defined in 40 CFR 63, subpart HH | BV25: No | BW25: Facility not located on public lands. | BX25: No | BZ25: 21000 | CA25: 0 | CB25: =1512000/42/365/4 -> 24.657534 | CC25: 0 | CD25: =CB25 -> 24.657534 | CE25: 0 | CF25: 2.4384 | CG25: =CB25 -> 24.657534 | CH25: =(379/66)*2000*J25*(1/525600) -> 0

Sheet Dehydrators
B1: Glycol Dehydrators at Production/Processing Facilities
B4: 1. Company and Facility Information
B5: Company | C5: =Facility!C4 -> ETC Texas Pipeline, Ltd.
B6: Facility | C6: =Facility!C21 -> Rebel Gas Processing Plant
B8: 2. Number of Production/Processing Units
B9: Number of Dehydrators
B11: 3. Dehydrator Emissions | D11: YOU DO NOT NEED TO COMPLETE THE REST OF THIS TAB.
B12: Dehydrator ID in Production/Processing Service | C12: Dehydrator Type | D12: If Other, Specify: | E12: Uncontrolled Emissions Information | AF12: Emissions Estimation Method | AI12: Control Information | AM12: Controlled Emissions Information | BN12: Regulatory Information | BU12: Process Information
E13: VOC (tons/yr) | F13: CH4 (tons/yr) | G13: Acetaldehyde (tons/yr) | H13: Benzene (tons/yr) | I13: Carbon Disulfide (tons/yr) | J13: Carbonyl Sulfide (tons/yr) | K13: Ethylbenzene (tons/yr) | L13: Ethylene Glycol (tons/yr) | M13: Formaldehyde (tons/yr) | N13: n-Hexane (tons/yr) | O13: Naphthalene (tons/yr) | P13: Toluene (tons/yr) | Q13: 2,2,4-Trimethylpentane (tons/yr) | R13: Xylenes (isomers and mixture) (tons/yr) | S13: o-Xylenes (tons/yr) | T13: m-Xylenes (tons/yr) | U13: p-Xylenes (tons/yr) | V13: 1,3-Butadiene (tons/yr) | W13: Cumene (tons/yr) | X13: Ethylene Dichloride (tons/yr) | Y13: Mercury Compounds (tons/yr) | Z13: Methanol (tons/yr) | AA13: Methyl Chloride (tons/yr) | AB13: Tetrachloroethylene (tons/yr) | AC13: Vinyl Chloride (tons/yr) | AD13: Other HAP (tons/yr) | AE13: Total HAP (tons/yr) | AF13: Were the emissions calculated, modeled, or measured? | AG13: If calculated or modeled, what method? (provide documentation) | AH13: If measured, what test method? (provide documentation) | AI13: Are emissions from the reboiler vent and the vent from the GCG separator (flash tank), if present, routed to a control device? | AJ13: If yes, enter the Control Device ID for the primary control device associated with the tank | AK13: Are emissions from dehydrator reduced through work or operational practices (e.g., circulation optimization)? | AL13: If yes, specify the work practices or operational practice and provide supporting documentation. | AM13: VOC (tons/yr) | AN13: CH4 (tons/yr) | AO13: Acetaldehyde (tons/yr) | AP13: Benzene (tons/yr) | AQ13: Carbon Disulfide (tons/yr) | AR13: Carbonyl Sulfide (tons/yr) | AS13: Ethylbenzene (tons/yr) | AT13: Ethylene Glycol (tons/yr) | AU13: Formaldehyde (tons/yr) | AV13: n-Hexane (tons/yr) | AW13: Naphthalene (tons/yr) | AX13: Toluene (tons/yr) | AY13: 2,2,4-Trimethylpentane (tons/yr) | AZ13: Xylenes (isomers and mixture) (tons/yr) | BA13: o-Xylenes (tons/yr) | BB13: m-Xylenes (tons/yr) | BC13: p-Xylenes (tons/yr) | BD13: 1,3-Butadiene (tons/yr) | BE13: Cumene (tons/yr) | BF13: Ethylene Dichloride (tons/yr) | BG13: Mercury Compounds (tons/yr) | BH13: Methanol (tons/yr) | BI13: Methyl Chloride (tons/yr) | BJ13: Tetrachloro-ethylene (tons/yr) | BK13: Vinyl Chloride (tons/yr) | BL13: Other HAP (tons/yr) | BM13: Total HAP (tons/yr) | BN13: Is the actual annual natural gas flow rate greater than 85 thousand m3/day? | BO13: Are the average annual benzene emissions greater than 0.9 Mg/yr? | BP13: What provisions in 40 CFR 63, subpart HH are the dehydrator subject to? | BQ13: Is the dehydrator exempt from 40 CFR 63, subpart HH? | BR13: If so, please explain why. | BS13: Is the dehydrator subject to State/local or other environmental regulations? | BT13: If yes, specify rule(s) | BU13: Does the unit have a flash tank separator? | BV13: If yes, provide natural gas recovery efficiency (percent) | BW13: If yes, provide disposition of recovered natural gas. | BX13: Glycol reboiler/regenerator fuel gas type | BY13: If Other, Specify: | BZ13: Glycol reboiler/regenerator fuel gas consumption rate (scfm) | CA13: Disposition of reboiler/regenerator exhaust | CB13: If Other, Specify: | CC13: Control Device ID (if applicable) | CD13: Emission reduction work practices used | CE13: If Other, Specify: | CF13: Stripper Gas Methane Composition (% by vol, enter as a whole number) | CG13: H2O concentration in feed gas (lb H2O/MMSCF) | CH13: CO2 concentration in feed gas (% by vol, enter as a whole number) | CI13: CH4 concentration in feed gas (% by vol, enter as a whole number) | CJ13: Average volumetric flow rate of treated natural gas (scfm) | CK13: H2O concentration in treated gas (lb H2O/MMSCF) | CL13: CO2 concentration in treated gas (% by vol, enter as a whole number) | CM13: CH4 concentration in treated gas (% by vol, enter as a whole number) | CN13: What is the dehydrator's actual annual average natural gas flow rate range? (scfm) | CO13: Average volumetric flow rate of feed natural gas (scfm) | CP13: 2021 Annual Operating Hours (hrs) | CQ13: Contactor Tower Pressure (psig) | CR13: Temperature of Feed Gas Stream (°F) | CS13: Pressure of Feed Gas Stream (psig) | CT13: Is feed gas saturated or unsaturated? | CU13: Circulation Rate of Solution (gal/min) | CV13: Liquid Circulation Pump Type | CW13: Stripper Gas Consumption Rate (scfm)
B14: D-1 | C14: Triethylene glycol | E14: 380.31582 | F14: 152.79869 | H14: 12.748338 | K14: 0 | N14: 16.51001 | P14: 5.8986942 | S14: 1.2914842 | AE14: 36.448527 | AF14: Calculated/Modeled | AG14: ProMax Simulation | AI14: Yes | AJ14: TO | AK14: No | AM14: 2.3533492 | AN14: 0.17088867 | AP14: 0.17061994 | AS14: 0 | AV14: 0.16767251 | AX14: 0.052401328 | BA14: 0.0049935417 | BM14: =SUM(AO14:BL14) -> 0.39568733 | BN14: Yes | BO14: No | BP14: 40 CFR 63.764(e) | BQ14: Yes | BR14: 40 CFR 63.764(e) | BS14: No | BU14: Yes | BV14: 100 | BW14: Routed back to fuel system | BX14: Dry (sales) natural gas | BZ14: =2*(1/1020)*(1/60)*1000000 -> 32.679739 | CA14: Other (specify) | CB14: Condenser and Reboiler Burner | CC14: TO | CD14: Other (specify) | CE14: Route reboiler condenser gas to combustion control. | CF14: N/A | CG14: 73.305772 | CH14: 0.0099148646 | CI14: 74.85441 | CJ14: 75833.232 | CK14: 3.8530182 | CL14: 0.0099148646 | CM14: 74.85441 | CN14: 75833.232 | CO14: 75833.232 | CP14: 8712 | CQ14: 982 | CR14: 108.79978 | CS14: 982 | CT14: Saturated | CU14: 20 | CV14: Electric | CW14: N/A
B15: D-3 | C15: Triethylene glycol | E15: 437.09614 | F15: 174.15668 | H15: 14.660183 | K15: 0 | N15: 19.120022 | P15: 6.78816 | S15: 1.4767851 | AE15: 42.04515 | AF15: Calculated/Modeled | AG15: ProMax Simulation | AI15: Yes | AJ15: TO | AK15: No | AM15: 2.7105874 | AN15: 0.19474792 | AP15: 0.19651529 | AS15: 0 | AV15: 0.19377757 | AX15: 0.059784647 | BA15: 0.0056147233 | BM15: =SUM(AO15:BL15) -> 0.45569224 | BN15: Yes | BO15: No | BP15: 40 CFR 63.764(e) | BQ15: Yes | BR15: 40 CFR 63.764(e) | BS15: No | BU15: Yes | BV15: 100 | BW15: Routed back to fuel system | BX15: Dry (sales) natural gas | BZ15: =2*(1/1020)*(1/60)*1000000 -> 32.679739 | CA15: Other (specify) | CB15: Condenser and Reboiler Burner | CC15: TO | CD15: Other (specify) | CE15: Route reboiler condenser gas to combustion control. | CF15: N/A | CG15: 73.52033 | CH15: 0.010361842 | CI15: 74.85368 | CJ15: 75836.22 | CK15: 3.8207087 | CL15: 0.010361842 | CM15: 74.85368 | CN15: 75836.22 | CO15: 75836.22 | CP15: 8712 | CQ15: 982 | CR15: 108.90332 | CS15: 982 | CT15: Saturated | CU15: 23 | CV15: Electric | CW15: N/A
B16: D-2 | C16: Triethylene glycol | E16: 487.98651 | F16: 188.30043 | H16: 18.569563 | K16: 0 | N16: 20.364591 | P16: 8.6366323 | S16: 1.9124511 | AE16: 49.483237 | AF16: Calculated/Modeled | AG16: ProMax Simulation | AI16: Yes | AJ16: TO | AK16: No | AM16: 2.9645512 | AN16: 0.20424058 | AP16: 0.24583971 | AS16: 0 | AV16: 0.20397935 | AX16: 0.075757544 | BA16: 0.0073174105 | BM16: =SUM(AO16:BL16) -> 0.53289402 | BN16: Yes | BO16: No | BP16: 40 CFR 63.764(e) | BQ16: Yes | BR16: 40 CFR 63.764(e) | BS16: No | BU16: Yes | BV16: 100 | BW16: Routed back to fuel system | BX16: Dry (sales) natural gas | BZ16: =4.5*(1/1020)*(1/60)*1000000 -> 73.529412 | CA16: Other (specify) | CB16: Condenser and Combustion Thermal Oxidizer | CC16: TO | CD16: Other (specify) | CE16: Route reboiler condenser gas to combustion control. | CF16: N/A | CG16: 52.600299 | CH16: 0.68623156 | CI16: 74.375385 | CJ16: 152649.92 | CK16: 2.6590787 | CL16: 0.68623156 | CM16: 74.375385 | CN16: 152649.92 | CO16: 152649.92 | CP16: 8712 | CQ16: 967 | CR16: 96.786598 | CS16: 967 | CT16: Saturated | CU16: 25 | CV16: Electric | CW16: N/A

Sheet AssociatedGasOilWells
B1: Associated Gas From Oil Wells
B3: 1. Company and Facility Information
B4: Company | C4: =Facility!C4 -> ETC Texas Pipeline, Ltd.
B5: Facility | C5: =Facility!C21 -> Rebel Gas Processing Plant
B7: 2. Information About Gas Routing
B8: Number of Separators | C8: 0
B9: Is all associated gas leaving all separators routed to a sales line?
B10: If no, why not?
B11: If other, explain
B12: If yes, are there periods when you cannot route to the sales line?
B13: If yes, what happens to the gas?
B14: If other, explain
B15: What volume of gas is impacted? (Mscf/yr)
B17: 3. Associated Gas Emissions | D17: YOU DO NOT NEED TO COMPLETE THE REST OF THIS TAB.
B18: US Well ID Number(s) | C18: Uncontrolled Emissions Information | AD18: Emissions Estimation Method | AG18: Control Information | AK18: Controlled Emissions Information | BL18: Regulatory Information | BX18: Process Information
C19: VOC (tons/yr) | D19: CH4 (tons/yr) | E19: Acetaldehyde (tons/yr) | F19: Benzene (tons/yr) | G19: Carbon Disulfide (tons/yr) | H19: Carbonyl Sulfide (tons/yr) | I19: Ethylbenzene (tons/yr) | J19: Ethylene Glycol (tons/yr) | K19: Formaldehyde (tons/yr) | L19: n-Hexane (tons/yr) | M19: Naphthalene (tons/yr) | N19: Toluene (tons/yr) | O19: 2,2,4- Trimethylpentane (tons/yr) | P19: Xylenes (isomers and mixture) (tons/yr) | Q19: o-Xylenes (tons/yr) | R19: m-Xylenes (tons/yr) | S19: p-Xylenes (tons/yr) | T19: 1,3-Butadiene (tons/yr) | U19: Cumene (tons/yr) | V19: Ethylene Dichloride (tons/yr) | W19: Mercury Compounds (tons/yr) | X19: Methanol (tons/yr) | Y19: Methyl Chloride (tons/yr) | Z19: Tetrachloroethylene (tons/yr) | AA19: Vinyl Chloride (tons/yr) | AB19: Other HAP (tons/yr) | AC19: Total HAP (tons/yr) | AD19: Were the emissions calculated, modeled, or measured? | AE19: If calculated or modeled, what method? (provide documentation) | AF19: If measured, what test method? (provide documentation) | AG19: Is associated gas captured and used? | AH19: If yes, identify use/purpose | AI19: Are associated gas emissions routed to a control device? | AJ19: If yes, enter the Control Device ID for the primary control device associated with the oil well. | AK19: VOC (tons/yr) | AL19: CH4 (tons/yr) | AM19: Acetaldehyde (tons/yr) | AN19: Benzene (tons/yr) | AO19: Carbon Disulfide (tons/yr) | AP19: Carbonyl Sulfide (tons/yr) | AQ19: Ethylbenzene (tons/yr) | AR19: Ethylene Glycol (tons/yr) | AS19: Formaldehyde (tons/yr) | AT19: n-Hexane (tons/yr) | AU19: Naphthalene (tons/yr) | AV19: Toluene (tons/yr) | AW19: 2,2,4- Trimethylpentane (tons/yr) | AX19: Xylenes (isomers and mixture) (tons/yr) | AY19: o-Xylenes (tons/yr) | AZ19: m-Xylenes (tons/yr) | BA19: p-Xylenes (tons/yr) | BB19: 1,3-Butadiene (tons/yr) | BC19: Cumene (tons/yr) | BD19: Ethylene Dichloride (tons/yr) | BE19: Mercury Compounds (tons/yr) | BF19: Methanol (tons/yr) | BG19: Methyl Chloride (tons/yr) | BH19: Tetrachloro- ethylene (tons/yr) | BI19: Vinyl Chloride (tons/yr) | BJ19: Other HAP (tons/yr) | BK19: Total HAP (tons/yr) | BL19: Is the well site subject to environmental regulations? | BM19: If no, specify reason | BN19: Is the well site subject to State/Local Environmental Regulations? | BO19: If no, specify reason | BP19: Is the well site subject to 40 CFR 60 subpart OOOO? | BQ19: If no, specify reason | BR19: Is the well site subject to 40 CFR 60 subpart OOOOa? | BS19: If no, specify reason | BT19: Is the well site subject to 43 CFR 3100 subpart 3179? | BU19: If no, specify reason | BV19: Is the well site subject to State/local or other environmental regulations? | BW19: If yes, specify rule(s) | BX19: Gas to oil ratio in calendar year 2021 or last year of operation. For new wells, use best available data. | BY19: API gravity of produced crude oil | BZ19: Cumulative natural gas production from well in 2021. (Mscf/day) | CA19: Where is the volume of produced gas monitored? | CB19: Cumulative oil and condensate production rate from well in 2021 (bbl/day)

Sheet Compressors
B1: Compressors at Production/Processing Facilities
B4: 1. Company and Facility Information
B5: Company | C5: =Facility!C4 -> ETC Texas Pipeline, Ltd.
B6: Facility | C6: =Facility!C21 -> Rebel Gas Processing Plant
B8: 2. Compressor Emissions
B9: Compressor Name/ID in Production/ Processing Service | C9: Compressor Type | D9: If Other, Specify: | E9: Operational Service | F9: If Other, Specify: | G9: Uncontrolled Emissions Information | AH9: Emissions Estimation Method | AK9: Control Information | AS9: Controlled Emissions Information | BT9: Regulatory Information | BW9: Process Information
G10: VOC (tons/yr) | H10: CH4 (tons/yr) | I10: Acetaldehyde (tons/yr) | J10: Benzene (tons/yr) | K10: Carbon Disulfide (tons/yr) | L10: Carbonyl Sulfide (tons/yr) | M10: Ethylbenzene (tons/yr) | N10: Ethylene Glycol (tons/yr) | O10: Formaldehyde (tons/yr) | P10: n-Hexane (tons/yr) | Q10: Naphthalene (tons/yr) | R10: Toluene (tons/yr) | S10: 2,2,4- Trimethylpentane (tons/yr) | T10: Xylenes (isomers and mixture) (tons/yr) | U10: o-Xylenes (tons/yr) | V10: m-Xylenes (tons/yr) | W10: p-Xylenes (tons/yr) | X10: 1,3-Butadiene (tons/yr) | Y10: Cumene (tons/yr) | Z10: Ethylene Dichloride (tons/yr) | AA10: Mercury Compounds (tons/yr) | AB10: Methanol (tons/yr) | AC10: Methyl Chloride (tons/yr) | AD10: Tetrachloro- ethylene (tons/yr) | AE10: Vinyl Chloride (tons/yr) | AF10: Other HAP (tons/yr) | AG10: Total HAP (tons/yr) | AH10: Were the emissions calculated, modeled, or measured? | AI10: If calculated or modeled, what method? (provide documentation) | AJ10: If measured, what test method? (provide documentation) | AK10: Are emissions from the compressor routed to a control device? | AL10: If yes, specify the source of the emissions | AM10: If other, specify source | AN10: If yes, enter the Control Device ID for the primary control device associated with the compressor | AO10: Are emissions from the compressor reduced via a work, operational, or maintenance practice? | AP10: If yes, specify the source of the emissions | AQ10: If other, specify source | AR10: If yes, describe the work, operational, or maintenance practice? | AS10: VOC (tons/yr) | AT10: CH4 (tons/yr) | AU10: Acetaldehyde (tons/yr) | AV10: Benzene (tons/yr) | AW10: Carbon Disulfide (tons/yr) | AX10: Carbonyl Sulfide (tons/yr) | AY10: Ethylbenzene (tons/yr) | AZ10: Ethylene Glycol (tons/yr) | BA10: Formaldehyde (tons/yr) | BB10: n-Hexane (tons/yr) | BC10: Naphthalene (tons/yr) | BD10: Toluene (tons/yr) | BE10: 2,2,4- Trimethylpentane (tons/yr) | BF10: Xylenes (isomers and mixture) (tons/yr) | BG10: o-Xylenes (tons/yr) | BH10: m-Xylenes (tons/yr) | BI10: p-Xylenes (tons/yr) | BJ10: 1,3-Butadiene (tons/yr) | BK10: Cumene (tons/yr) | BL10: Ethylene Dichloride (tons/yr) | BM10: Mercury Compounds (tons/yr) | BN10: Methanol (tons/yr) | BO10: Methyl Chloride (tons/yr) | BP10: Tetrachloro- ethylene (tons/yr) | BQ10: Vinyl Chloride (tons/yr) | BR10: Other HAP (tons/yr) | BS10: Total HAP (tons/yr) | BT10: Is the compressor subject to 40 CFR 60 subpart OOOO or subpart OOOOa? | BU10: Is the compressor subject to State/local or other environmental regulations? | BV10: If yes, specify rule(s) | BW10: Power output of compressor driver (hp) *Maximum Manufacturer hp
B11: 11975 - Venting | C11: Reciprocating | E11: Transportation | H11: =17.10978*1.10231 -> 18.860282 | AH11: Measured | AJ11: 40 CFR 98.233(p) | AK11: No | AO11: No | AT11: =17.10978*1.10231 -> 18.860282 | BT11: Yes | BU11: No | BW11: 4735
B12: 11976 - Venting | C12: Reciprocating | E12: Transportation | H12: =28.43279*1.10231 -> 31.341749 | AH12: Measured | AJ12: 40 CFR 98.233(p) | AK12: No | AO12: No | AT12: =28.43279*1.10231 -> 31.341749 | BT12: Yes | BU12: No | BW12: 4735
B13: 12728 - Venting | C13: Reciprocating | E13: Transportation | H13: =38.79149*1.10231 -> 42.760247 | AH13: Measured | AJ13: 40 CFR 98.233(p) | AK13: No | AO13: No | AT13: =38.79149*1.10231 -> 42.760247 | BT13: Yes | BU13: No | BW13: 4735
B14: 19333 - Venting | C14: Reciprocating | E14: Transportation | H14: =0.65795*1.10231 -> 0.72526486 | AH14: Measured | AJ14: 40 CFR 98.233(p) | AK14: No | AO14: No | AT14: =0.65795*1.10231 -> 0.72526486 | BT14: Yes | BU14: No | BW14: 4735
B15: 37557 - Venting | C15: Reciprocating | E15: Transportation | H15: =24.66437*1.10231 -> 27.187782 | AH15: Measured | AJ15: 40 CFR 98.233(p) | AK15: No | AO15: No | AT15: =24.66437*1.10231 -> 27.187782 | BT15: Yes | BU15: No | BW15: 5000
B16: 37558 - Venting | C16: Reciprocating | E16: Transportation | H16: =55.59811*1.10231 -> 61.286353 | AH16: Measured | AJ16: 40 CFR 98.233(p) | AK16: No | AO16: No | AT16: =55.59811*1.10231 -> 61.286353 | BT16: Yes | BU16: No | BW16: 5000
B17: 37559 - Venting | C17: Reciprocating | E17: Transportation | H17: =17.14755*1.10231 -> 18.901916 | AH17: Measured | AJ17: 40 CFR 98.233(p) | AK17: No | AO17: No | AT17: =17.14755*1.10231 -> 18.901916 | BT17: Yes | BU17: No | BW17: 5000
B18: 11975 - Blowdown | C18: Reciprocating | E18: Transportation | G18: =AS18/0.02 -> 1.7727529 | H18: =AT18/0.02 -> 30.707357 | AH18: Calculated/Modeled | AI18: Calculated based on estimated volumes/pressures and known number of events | AK18: Yes | AL18: Blowdown vent | AN18: FL-3 | AO18: No | AS18: 0.035455058 | AT18: 0.61414714 | BT18: Yes | BU18: No | BW18: 4735
B19: 11976 - Blowdown | C19: Reciprocating | E19: Transportation | G19: =AS19/0.02 -> 1.7727529 | H19: =AT19/0.02 -> 30.707357 | AH19: Calculated/Modeled | AI19: Calculated based on estimated volumes/pressures and known number of events | AK19: Yes | AL19: Blowdown vent | AN19: FL-3 | AO19: No | AS19: 0.035455058 | AT19: 0.61414714 | BT19: Yes | BU19: No | BW19: 4735
B20: 12728 - Blowdown | C20: Reciprocating | E20: Transportation | G20: =AS20/0.02 -> 1.7727529 | H20: =AT20/0.02 -> 30.707357 | AH20: Calculated/Modeled | AI20: Calculated based on estimated volumes/pressures and known number of events | AK20: Yes | AL20: Blowdown vent | AN20: FL-3 | AO20: No | AS20: 0.035455058 | AT20: 0.61414714 | BT20: Yes | BU20: No | BW20: 4735
B21: 19333 - Blowdown | C21: Reciprocating | E21: Transportation | G21: =AS21/0.02 -> 1.7727529 | H21: =AT21/0.02 -> 30.707357 | AH21: Calculated/Modeled | AI21: Calculated based on estimated volumes/pressures and known number of events | AK21: Yes | AL21: Blowdown vent | AN21: FL-3 | AO21: No | AS21: 0.035455058 | AT21: 0.61414714 | BT21: Yes | BU21: No | BW21: 4735
B22: 37557 - Blowdown | C22: Reciprocating | E22: Transportation | G22: =AS22/0.02 -> 1.7727529 | H22: =AT22/0.02 -> 30.707357 | AH22: Calculated/Modeled | AI22: Calculated based on estimated volumes/pressures and known number of events | AK22: Yes | AL22: Blowdown vent | AN22: FL-3 | AO22: No | AS22: 0.035455058 | AT22: 0.61414714 | BT22: Yes | BU22: No | BW22: 5000
B23: 37558 - Blowdown | C23: Reciprocating | E23: Transportation | G23: =AS23/0.02 -> 1.7727529 | H23: =AT23/0.02 -> 30.707357 | AH23: Calculated/Modeled | AI23: Calculated based on estimated volumes/pressures and known number of events | AK23: Yes | AL23: Blowdown vent | AN23: FL-3 | AO23: No | AS23: 0.035455058 | AT23: 0.61414714 | BT23: Yes | BU23: No | BW23: 5000
B24: 37559 - Blowdown | C24: Reciprocating | E24: Transportation | G24: =AS24/0.02 -> 1.7727529 | H24: =AT24/0.02 -> 30.707357 | AH24: Calculated/Modeled | AI24: Calculated based on estimated volumes/pressures and known number of events | AK24: Yes | AL24: Blowdown vent | AN24: FL-3 | AO24: No | AS24: 0.035455058 | AT24: 0.61414714 | BT24: Yes | BU24: No | BW24: 5000

Sheet SurfaceWaterImpoundments
B1: Surface Water Impoundments | D1: (Excludes Impoundments Covered under 40 CFR Part 63, Subpart DD [Off-Site Waste and Recovery Operations])
B3: 1. Company and Facility Information
B4: Company | C4: =Facility!C4 -> ETC Texas Pipeline, Ltd.
B5: Facility | C5: =Facility!C21 -> Rebel Gas Processing Plant
B7: 2. Emissions Information | D7: YOU DO NOT NEED TO COMPLETE THIS SECTION.
B8: Location | C8: Uncontrolled Emissions Information | AD8: Emissions Estimation Method | AE8: Control Information | AI8: Controlled Emissions Information | BJ8: Regulatory Information | BL8: Process Information | BN8: Impoundment Influent HAP Concentrations
C9: VOC (tons/yr) | D9: CH4 (tons/yr) | E9: Acetaldehyde (tons/yr) | F9: Benzene (tons/yr) | G9: Carbon Disulfide (tons/yr) | H9: Carbonyl Sulfide (tons/yr) | I9: Ethylbenzene (tons/yr) | J9: Ethylene Glycol (tons/yr) | K9: Formaldehyde (tons/yr) | L9: n-Hexane (tons/yr) | M9: Naphthalene (tons/yr) | N9: Toluene (tons/yr) | O9: 2,2,4- Trimethylpentane (tons/yr) | P9: Xylenes (isomers and mixture) (tons/yr) | Q9: o-Xylenes (tons/yr) | R9: m-Xylenes (tons/yr) | S9: p-Xylenes (tons/yr) | T9: 1,3-Butadiene (tons/yr) | U9: Cumene (tons/yr) | V9: Ethylene Dichloride (tons/yr) | W9: Mercury Compounds (tons/yr) | X9: Methanol (tons/yr) | Y9: Methyl Chloride (tons/yr) | Z9: Tetrachloro- ethylene (tons/yr) | AA9: Vinyl Chloride (tons/yr) | AB9: Other HAP (tons/yr) | AC9: Total HAP (tons/yr) | AD9: Describe Calculation/Estimation Method (Provide documentation) | AE9: Is the water pre-treated? | AF9: If yes, please describe. | AG9: Are work or operational practices utilized to reduce emissions? | AH9: If yes, please describe. | AI9: VOC (tons/yr) | AJ9: CH4 (tons/yr) | AK9: Acetaldehyde (tons/yr) | AL9: Benzene (tons/yr) | AM9: Carbon Disulfide (tons/yr) | AN9: Carbonyl Sulfide (tons/yr) | AO9: Ethylbenzene (tons/yr) | AP9: Ethylene Glycol (tons/yr) | AQ9: Formaldehyde (tons/yr) | AR9: n-Hexane (tons/yr) | AS9: Naphthalene (tons/yr) | AT9: Toluene (tons/yr) | AU9: 2,2,4- Trimethylpentane (tons/yr) | AV9: Xylenes (isomers and mixture) (tons/yr) | AW9: o-Xylenes (tons/yr) | AX9: m-Xylenes (tons/yr) | AY9: p-Xylenes (tons/yr) | AZ9: 1,3-Butadiene (tons/yr) | BA9: Cumene (tons/yr) | BB9: Ethylene Dichloride (tons/yr) | BC9: Mercury Compounds (tons/yr) | BD9: Methanol (tons/yr) | BE9: Methyl Chloride (tons/yr) | BF9: Tetrachloro- ethylene (tons/yr) | BG9: Vinyl Chloride (tons/yr) | BH9: Other HAP (tons/yr) | BI9: Total HAP (tons/yr) | BJ9: Is the site subject to State/Local or other environmental regulations? | BK9: If yes, specify rule(s) | BL9: Volume of waste sent to impoundment (L/yr) | BM9: Concentration of total HAP entering the impoundment (ppmv) | BN9: VOC (ppmv) | BO9: CH4 (ppmv) | BP9: Acetaldehyde (ppmv) | BQ9: Benzene (ppmv) | BR9: Carbon Disulfide (ppmv) | BS9: Carbonyl Sulfide (ppmv) | BT9: Ethylbenzene (ppmv) | BU9: Ethylene Glycol (ppmv) | BV9: Formaldehyde (ppmv) | BW9: n-Hexane (ppmv) | BX9: Naphthalene (ppmv) | BY9: Toluene (ppmv) | BZ9: 2,2,4- Trimethylpentane (ppmv) | CA9: Xylenes (isomers and mixture) (ppmv) | CB9: o-Xylenes (ppmv) | CC9: m-Xylenes (ppmv) | CD9: p-Xylenes (ppmv) | CE9: 1,3-Butadiene (ppmv) | CF9: Cumene (ppmv) | CG9: Ethylene Dichloride (ppmv) | CH9: Mercury Compounds (ppmv) | CI9: Methanol (ppmv) | CJ9: Methyl Chloride (ppmv) | CK9: Tetrachloroethylene (ppmv) | CL9: Vinyl Chloride (ppmv) | CM9: Other HAP (ppmv)

Sheet TruckLoading
B1: Product Truck Loading and Vapor Balancing at Production/Processing Facilities
B4: 1. Company and Facility Information
B5: Company | C5: =Facility!C4 -> ETC Texas Pipeline, Ltd.
B6: Facility | C6: =Facility!C21 -> Rebel Gas Processing Plant
B8: 2. Number of Production/Processing Units
B9: Number of Loading Racks | C9: 1
B11: 3. Loading Rack Emissions | D11: YOU DO NOT NEED TO COMPLETE THE REST OF THIS TAB.
B12: Loading Rack ID in Production/ Processing Service | C12: Uncontrolled Emissions Information | AD12: Emissions Estimation Method | AG12: Control Information | AL12: Controlled Emissions Information | BM12: Regulatory Information
C13: VOC (tons/yr) | D13: CH4 (tons/yr) | E13: Acetaldehyde (tons/yr) | F13: Benzene (tons/yr) | G13: Carbon Disulfide (tons/yr) | H13: Carbonyl Sulfide (tons/yr) | I13: Ethylbenzene (tons/yr) | J13: Ethylene Glycol (tons/yr) | K13: Formaldehyde (tons/yr) | L13: n-Hexane (tons/yr) | M13: Naphthalene (tons/yr) | N13: Toluene (tons/yr) | O13: 2,2,4- Trimethylpentane (tons/yr) | P13: Xylenes (isomers and mixture) (tons/yr) | Q13: o-Xylenes (tons/yr) | R13: m-Xylenes (tons/yr) | S13: p-Xylenes (tons/yr) | T13: 1,3-Butadiene (tons/yr) | U13: Cumene (tons/yr) | V13: Ethylene Dichloride (tons/yr) | W13: Mercury Compounds (tons/yr) | X13: Methanol (tons/yr) | Y13: Methyl Chloride (tons/yr) | Z13: Tetrachloro- ethylene (tons/yr) | AA13: Vinyl Chloride (tons/yr) | AB13: Other HAP (tons/yr) | AC13: Total HAP (tons/yr) | AD13: Were the emissions calculated, modeled, or measured? | AE13: If calculated or modeled, what method? (provide documentation) | AF13: If measured, what test method? (provide documentation) | AG13: Are emissions from the loading rack routed to a control device? | AH13: If yes, enter the Control Device ID for the primary control device associated with the loading rack | AI13: Are work or operational practices utilized to reduce emissions? | AJ13: If yes, please identify | AK13: If other, please describe | AL13: VOC (tons/yr) | AM13: CH4 (tons/yr) | AN13: Acetaldehyde (tons/yr) | AO13: Benzene (tons/yr) | AP13: Carbon Disulfide (tons/yr) | AQ13: Carbonyl Sulfide (tons/yr) | AR13: Ethylbenzene (tons/yr) | AS13: Ethylene Glycol (tons/yr) | AT13: Formaldehyde (tons/yr) | AU13: n-Hexane (tons/yr) | AV13: Naphthalene (tons/yr) | AW13: Toluene (tons/yr) | AX13: 2,2,4- Trimethylpentane (tons/yr) | AY13: Xylenes (isomers and mixture) (tons/yr) | AZ13: o-Xylenes (tons/yr) | BA13: m-Xylenes (tons/yr) | BB13: p-Xylenes (tons/yr) | BC13: 1,3-Butadiene (tons/yr) | BD13: Cumene (tons/yr) | BE13: Ethylene Dichloride (tons/yr) | BF13: Mercury Compounds (tons/yr) | BG13: Methanol (tons/yr) | BH13: Methyl Chloride (tons/yr) | BI13: Tetrachloro- ethylene (tons/yr) | BJ13: Vinyl Chloride (tons/yr) | BK13: Other HAP (tons/yr) | BL13: Total HAP (tons/yr) | BM13: Is the site subject to State/Local or other environmental regulations? | BN13: If yes, specify rule(s)
B14: TL | C14: 0.65289327 | AD14: Calculated/Modeled | AE14: AP-42, Chap. 5-2 | AG14: Yes | AH14: VCU | AI14: No | AL14: 0.0217 | BM14: No

Sheet AGRUnits
B1: Acid Gas Removal Units (AGRU) in Production/Processing
B4: 1. Company and Facility Information | E4: YOU DO NOT NEED TO COMPLETE THIS TAB.
B5: Company | C5: =Facility!C4 -> ETC Texas Pipeline, Ltd.
B6: Facility | C6: =Facility!C21 -> Rebel Gas Processing Plant
B8: 2. Acid Gas Removal Unit (AGRU) Emissions
B9: Unit ID in Production/ Processing Service | C9: Uncontrolled Emissions Information | AD9: Emissions Estimation Method | AG9: Control Information | AK9: Controlled Emissions Information | BL9: Regulatory Information
C10: VOC (tons/yr) | D10: CH4 (tons/yr) | E10: Acetaldehyde (tons/yr) | F10: Benzene (tons/yr) | G10: Carbon Disulfide (tons/yr) | H10: Carbonyl Sulfide (tons/yr) | I10: Ethylbenzene (tons/yr) | J10: Ethylene Glycol (tons/yr) | K10: Formaldehyde (tons/yr) | L10: n-Hexane (tons/yr) | M10: Naphthalene (tons/yr) | N10: Toluene (tons/yr) | O10: 2,2,4- Trimethylpentane (tons/yr) | P10: Xylenes (isomers and mixture) (tons/yr) | Q10: o-Xylenes (tons/yr) | R10: m-Xylenes (tons/yr) | S10: p-Xylenes (tons/yr) | T10: 1,3-Butadiene (tons/yr) | U10: Cumene (tons/yr) | V10: Ethylene Dichloride (tons/yr) | W10: Mercury Compounds (tons/yr) | X10: Methanol (tons/yr) | Y10: Methyl Chloride (tons/yr) | Z10: Tetrachloro- ethylene (tons/yr) | AA10: Vinyl Chloride (tons/yr) | AB10: Other HAP (tons/yr) | AC10: Total HAP (tons/yr) | AD10: Were the emissions calculated, modeled, or measured? | AE10: If calculated or modeled, what method? (provide documentation) | AF10: If measured, what test method? (provide documentation) | AG10: Are emissions from the operation routed to a control device? | AH10: If yes, enter the Control Device ID for the primary control device associated with the operation | AI10: Are work or operational practices utilized to reduce emissions? | AJ10: If yes, please describe. | AK10: VOC (tons/yr) | AL10: CH4 (tons/yr) | AM10: Acetaldehyde (tons/yr) | AN10: Benzene (tons/yr) | AO10: Carbon Disulfide (tons/yr) | AP10: Carbonyl Sulfide (tons/yr) | AQ10: Ethylbenzene (tons/yr) | AR10: Ethylene Glycol (tons/yr) | AS10: Formaldehyde (tons/yr) | AT10: n-Hexane (tons/yr) | AU10: Naphthalene (tons/yr) | AV10: Toluene (tons/yr) | AW10: 2,2,4-Trimethylpentane (tons/yr) | AX10: Xylenes (isomers and mixture) (tons/yr) | AY10: o-Xylenes (tons/yr) | AZ10: m-Xylenes (tons/yr) | BA10: p-Xylenes (tons/yr) | BB10: 1,3-Butadiene (tons/yr) | BC10: Cumene (tons/yr) | BD10: Ethylene Dichloride (tons/yr) | BE10: Mercury Compounds (tons/yr) | BF10: Methanol (tons/yr) | BG10: Methyl Chloride (tons/yr) | BH10: Tetrachloro- ethylene (tons/yr) | BI10: Vinyl Chloride (tons/yr) | BJ10: Other HAP (tons/yr) | BK10: Total HAP (tons/yr) | BL10: Is the operation subject to 40 CFR 60 Subpart LLL? | BM10: Is the operation subject to 40 CFR 60 Subpart OOOO or Subpart OOOOa? | BN10: Is the operation subject to State/Local or other environmental regulations? | BO10: If yes, specify rule(s)
B11: AMINE-1 | C11: 49.814386 | D11: 151.4614 | F11: 2.1258696 | I11: 0 | N11: 0.6081492 | P11: 0.090070397 | AC11: =SUM(E11:AB11) -> 2.8240892 | AD11: Calculated/Modeled | AE11: ProMax Simulation | AG11: Yes | AH11: TO | AI11: No | AK11: 0.16635995 | AL11: 134.05593 | AN11: 0.04035169 | AQ11: 0 | AV11: 0.011652348 | AX11: 0.0017558226 | BK11: =SUM(AM11:BJ11) -> 0.053759861 | BL11: No | BM11: Yes | BN11: No
B12: AMINE-2 | C12: 26.410233 | D12: 250.65832 | F12: 4.9702585 | I12: 0 | N12: 1.6617502 | P12: 0.28419923 | AC12: =SUM(E12:AB12) -> 6.916208 | AD12: Calculated/Modeled | AE12: ProMax Simulation | AG12: Yes | AH12: TO | AI12: No | AK12: 0.42194875 | AL12: 16.900167 | AN12: 0.095870025 | AQ12: 0 | AV12: 0.032406444 | AX12: 0.0056109407 | BK12: =SUM(AM12:BJ12) -> 0.13388741 | BL12: No | BM12: Yes | BN12: No
B13: AMINE-3 | C13: 12.547719 | D13: 137.47418 | F13: 1.8697538 | I13: 0 | N13: 0.5274525 | P13: 0.07757408 | AC13: =SUM(E13:AB13) -> 2.4747804 | AD13: Calculated/Modeled | AE13: ProMax Simulation | AG13: Yes | AH13: TO | AI13: No | AK13: 0.14484154 | AL13: 134.01762 | AN13: 0.035447954 | AQ13: 0 | AV13: 0.010090836 | AX13: 0.0015106787 | BK13: =SUM(AM13:BJ13) -> 0.047049469 | BL13: No | BM13: Yes | BN13: No

Sheet PneumaticPumpsControllers
B1: Pneumatic Controllers and Pumps in Production/Processing
B4: 1. Company and Facility Information
B5: Company | C5: =Facility!C4 -> ETC Texas Pipeline, Ltd.
B6: Facility | C6: =Facility!C21 -> Rebel Gas Processing Plant
B8: 2. Presence of Natural Gas-Driven Pneumatic Devices/Pumps for Production/Processing
B9: Does the facility have any natural gas-driven pneumatic devices or pumps? | C9: No | D9: YOU DO NOT NEED TO COMPLETE THE REST OF THIS TAB.
B11: 3. Inventory of Pneumatic Controllers/Devices/Pumps in Production/Processing Service
B12: Provide the count of each of the following:
B13: Type of Pneumatic Device | C13: Total Number of Natural Gas-Driven Devices | D13: Are there air-driven devices of this type at the facility?
B14: Intermittent vent controllers
B15: Continuous bleed controllers with bleed rate > 6 scfh
B16: Continuous bleed controllers with bleed rate < 6 scfh
B17: Chemical injection piston pumps that are operated for 90 days per calendar year or more
B18: Chemical injection piston pumps that are operated for less than 90 days per calendar year
B19: Chemical injection diaphragm pumps that are operated for 90 days per calendar year or more
B20: Chemical injection diaphragm pumps that are operated for less than 90 days per calendar year
B21: Liquid circulation (Kimray) pumps that are operated for 90 days per calendar year or more
B22: Liquid circulation (Kimray) pumps that are operated for less than 90 days per calendar year
D24: If yes, source of electricity?
B25: Are there electrical controllers at the facility?
B26: Are there electrical pumps at the facility?
B29: 4. General Pneumatic Controllers/Devices/Pumps Information | D29: If other, please explain:
B30: How does the facility determine if a device is intermittent or continuous bleed?
B31: How does the facility determine if a continuous bleed device is high or low bleed?
B32: What work practices does the facility employ to identify malfunctioning controllers (e.g., intermittent devices continuously venting)?
B33: How many controllers were found malfunctioning (leaking or excessively bleeding) in the past year?
B34: What is the typical natural gas supply pressure for the pneumatic devices (psig)? | D34: If other, please explain:
B35: Does the facility use practices to minimize natural gas emissions from pneumatic devices or pumps?
B36: Were any direct measurements of emissions from pneumatic devices taken in past 5 years? If yes, complete Section 6 below.
B37: Are the pneumatic controllers subject to State/Local Environmental Regulations?
B38: Are the pneumatic controllers subject to state or other regulation?
B39: Are the pneumatic controllers subject to 40 CFR 60 subpart OOOO?
B40: Are the pneumatic controllers subject to 40 CFR 60 subpart OOOOa? | D40: If pneumatics are controlled, specify the control device(s) and the number of pnuematics that are controlled by that device:
B41: Are the pneumatic controllers subject to both state regulation and 40 CFR 60 subpart OOOO/OOOOa? | D41: Control Device ID1 | E41: Number of devices of specified type controlled by control device ID1 | F41: Control Device ID2 | G41: Number of devices of specified type controlled by control device ID2 | H41: Control Device ID3 | I41: Number of devices of specified type controlled by control device ID3
B42: Are pneumatic controllers controlled?
B43: Are pneumatic pumps controlled?
B46: 5. Pneumatically Driven Isolation Valve Actuations in 2021
B47: Provide the following information based on controller design, manufacturer's information, and company records for each natural gas driven pneumatic isolation valve actuator.
B48: Isolation Valve/Actuator ID in Production/Processing Service | C48: Isolation Valve Actuator Type | D48: If Other, specify. | E48: Gas Usage per Cycle based on manufacturers information (scf/psi) | F48: Based on best available data, cumulative number of actuation cycles in 2021 (or most recent operating year). | G48: Gas supply pressure for pneumatic device (psig)
B80: 6. Direct Measurements | C80: YOU DO NOT NEED TO COMPLETE THIS SECTION.
B81: Complete for each Natural Gas-Driven Pneumatic Controllers/Devices/Pumps in production/processing, as applicable, for which measurement data are available.
B82: Source Description or ID in Production/Processing Service | C82: Pneumatic Device Type | D82: If Other, specify. | E82: Measurement Method | F82: Number of Devices [included in measurement] | G82: Measured NG emission rate [for all devices included in measurement] (scf/hr) | H82: Make and Model Number of Device(s)

Sheet EquipmentLeaks
B1: Equipment/Fugitive Component Leaks at Production/Processing Facilities
B3: 1. Company and Facility Information
B4: Company | C4: =Facility!C4 -> ETC Texas Pipeline, Ltd.
B5: Facility | C5: =Facility!C21 -> Rebel Gas Processing Plant
B7: 2. Additional Production/Processing Facility Information
B8: Facility ID (pulled from Facility sheet) | C8: =IF(ICR_ID="","",ICR_ID) -> 24
B9: Are equipment leaks and/or fugitive emission components at the facility subject to environmental regulations? | C9: Yes
B10: Are equipment leaks and/or fugitive emission components subject to State/Local Environmental Regulations? | C10: No
B11: If yes, specify rule(s)
B12: Are equipment leaks subject to 40 CFR 60 subpart KKK? | C12: No
B13: Are equipment leaks and/or fugitive emission components subject to 40 CFR 60 subpart OOOO? | C13: Yes
B14: Are equipment leaks and/or fugitive emission components subject to 40 CFR 60 subpart OOOOa? | C14: No
B15: Are equipment leaks subject to 40 CFR 63 subpart HH? | C15: No
B16: Are equipment leaks subject to 43 CFR 3100 subpart 3179? | C16: No
B17: Does the facility conduct regular audio-visual-olfactory (AVO) inspections for leaks? | C17: Yes
B18: Frequency of AVO inspections. | C18: Monthly or more frequently
B19: Does the facility conduct routine inspections (Method 21, OGI, or other instrumented method) to identify leaking equipment and/or fugitive emission components? | C19: EPA Method 21
B20: If yes, provide the following information by component type: | C20: Gas or Light Liquid Valves | D20: Gas or Light Liquid Connectors | E20: Gas or Light Liquid Pressure-relief Valves | F20: Pumps | G20: Other components in gas or light liquid service | H20: Heavy liquid components
B21: Frequency of inspections. | C21: Quarterly | D21: Annually | E21: Annually | F21: Monthly or more frequently | G21: Annually | H21: Annually
B22: Monitoring method used. | C22: EPA Method 21 | D22: EPA Method 21 | E22: EPA Method 21 | F22: EPA Method 21 | G22: EPA Method 21 | H22: EPA Method 21
B23: If Other method, specify.
B24: Has this facility performed emissions testing for equipment leaks in the last five years? If yes, complete Section 4 below. | C24: No
B26: 3. Pressure Relief Devices in Production/Processing Service
B27: How many pressure relief devices are at the facility? | C27: 390
B28: Of these, how many are equipped with a rupture disk upstream of the pressure relief device? | C28: 0
B29: Of these, how many are routed to a process or fuel gas system or equipped with a closed vent system capable of capturing and transporting leakage from the pressure relief device to a control device? | C29: 155
B31: 4. Production/Processing Equipment and Fugitive Component Leak Emissions
C32: Emissions Information (Considering Leak Detection and Repair Program Impacts) | AD32: Emissions Estimation Method
C33: VOC (tons/yr) | D33: CH4 (tons/yr) | E33: Acetaldehyde (tons/yr) | F33: Benzene (tons/yr) | G33: Carbon Disulfide (tons/yr) | H33: Carbonyl Sulfide (tons/yr) | I33: Ethylbenzene (tons/yr) | J33: Ethylene Glycol (tons/yr) | K33: Formaldehyde (tons/yr) | L33: n-Hexane (tons/yr) | M33: Naphthalene (tons/yr) | N33: Toluene (tons/yr) | O33: 2,2,4- Trimethylpentane (tons/yr) | P33: Xylenes (isomers and mixture) (tons/yr) | Q33: o-Xylenes (tons/yr) | R33: m-Xylenes (tons/yr) | S33: p-Xylenes (tons/yr) | T33: 1,3-Butadiene (tons/yr) | U33: Cumene (tons/yr) | V33: Ethylene Dichloride (tons/yr) | W33: Mercury Compounds (tons/yr) | X33: Methanol (tons/yr) | Y33: Methyl Chloride (tons/yr) | Z33: Tetrachloroethylene (tons/yr) | AA33: Vinyl Chloride (tons/yr) | AB33: Other HAP (tons/yr) | AC33: Total HAP (tons/yr) | AD33: Were the emissions calculated, modeled, or measured? | AE33: If calculated or modeled, what method? (provide documentation) | AF33: If measured, what test method? (provide documentation)
B34: Total Equipment/Fugitive Component Leaks

Sheet Lists
B1: =IF(A1=0,"",A1) | C1: Control ID List
A2: ='Control Devices'!B11 -> TO | B2: =IF(A2=0,"",A2) -> TO
A3: ='Control Devices'!B12 -> VCU | B3: =IF(A3=0,"",A3) -> VCU
A4: ='Control Devices'!B13 -> FL-3 | B4: =IF(A4=0,"",A4) -> FL-3
A5: ='Control Devices'!B14 -> FL-1 | B5: =IF(A5=0,"",A5) -> FL-1
A6: ='Control Devices'!B15 -> 0 | B6: =IF(A6=0,"",A6)
A7: ='Control Devices'!B16 -> 0 | B7: =IF(A7=0,"",A7)
A8: ='Control Devices'!B17 -> 0 | B8: =IF(A8=0,"",A8)
A9: ='Control Devices'!B18 -> 0 | B9: =IF(A9=0,"",A9)
A10: ='Control Devices'!B19 -> 0 | B10: =IF(A10=0,"",A10)
A11: ='Control Devices'!B20 -> 0 | B11: =IF(A11=0,"",A11)
A12: ='Control Devices'!B21 -> 0 | B12: =IF(A12=0,"",A12)
A13: ='Control Devices'!B22 -> 0 | B13: =IF(A13=0,"",A13)
... A18: ='Control Devices'!B27 -> 0 | B18: =IF(A18=0,"",A18)
A19: ='Control Devices'!B54 -> 0 | B19: =IF(A19=0,"",A19)
A20: ='Control Devices'!B55 -> 0 | B20: =IF(A20=0,"",A20)
A21: ='Control Devices'!B56 -> 0 | B21: =IF(A21=0,"",A21)
A22: ='Control Devices'!B57 -> 0 | B22: =IF(A22=0,"",A22)
A23: ='Control Devices'!B58 -> 0 | B23: =IF(A23=0,"",A23)
A24: ='Control Devices'!B59 -> 0 | B24: =IF(A24=0,"",A24)
A25: ='Control Devices'!B60 -> 0 | B25: =IF(A25=0,"",A25)
A26: ='Control Devices'!B61 -> 0 | B26: =IF(A26=0,"",A26)
A27: ='Control Devices'!B62 -> 0 | B27: =IF(A27=0,"",A27)
A28: ='Control Devices'!B63 -> 0 | B28: =IF(A28=0,"",A28)
A29: ='Control Devices'!B64 -> 0 | B29: =IF(A29=0,"",A29)
A30: ='Control Devices'!B65 -> 0 | B30: =IF(A30=0,"",A30)
... A33: ='Control Devices'!B68 -> 0 | B33: =IF(A33=0,"",A33)
A38: Manufacturer’s data sheet
A39: Manufacturer’s maximum gas consumption rate
A40: Manufacturer’s minimum gas consumption rate (device not actuating)
A41: Model number and supply pressure
A42: Actual gas consumption rate of controllers over time
A43: Measured gas supply rate
A44: Measured venting rates
A45: Other design considerations
A48: Monitor NG consumption for all controllers and inspect controllers if consumption increases
A49: Routine visual inspections of controllers
A50: Routine visual inspections and monitoring NG consumption
A51: Periodic inspections using optical imaging camera of vented emissions
... A181: Never estimated or tested for
